 Dungeon Crawl Stone Soup version 0.24-a0-93-ge1bfdf8 (webtiles) character file.

Game seed: 17212435693322983651

993544 galech the Conqueror (level 27, -9/249 HPs)
             Began as a Demonspawn Fighter on Feb 8, 2019.
             Was the Champion of Okawaru.
             Killed from afar by Lom Lobon (40 damage)
             ... with a great icy blast
             ... in Pandemonium on Feb 11, 2019.
             The game lasted 03:40:25 (79024 turns).

galech the Conqueror (Demonspawn Fighter)          Turns: 79024, Time: 03:40:26

Health: -9/249     AC: 39    Str: 18      XL:     27
Magic:  7/22       EV: 16    Int:  9 (11) God:    Okawaru [******]
Gold:   12336      SH: 30    Dex: 35 (36) Spells: 26/26 levels left

rFire    + + +     SeeInvis .   u - +9 war axe (elec)
rCold    + + .     Gourm    .   z - +1 large shield "Xynt" {rF+ Slay+5}
rNeg     + + +     Faith    .   K - +7 gold dragon scales of Mofas {rPois rF+ rC+ MR++}
rPois    +         Spirit   .   S - +1 helmet of Etsoipp {rF+ rN+ rCorr}
rElec    +         Reflect  +   j - scarf {rC+ rF+}
rCorr    +         Harm     .   Z - +2 pair of gloves {Dex+3}
MR       +++++                  (boots unavailable)
Stlth    ..........             C - amulet of Existentialism {Reflect rPois Dex+7 SH+2}
HPRegen  0.51/turn              X - ring "Bata" {rN+ Str+4 Dex+3}
MPRegen  0.18/turn              J - +4 ring of slaying

@: heroism, frozen, berserk cooldown, slowed, studying Staves, very slow
A: hooves 3, thin metallic scales 3, blurry vision 1, clumsy 1, deformed body,
demonic guardian 3, deterioration 2, low mp 3, magic resistance 1, negative
energy resistance 1, poison resistance, powered by death 3, screaming 2, 50%
torment resistance, weak 1, black mark, subdued magic 1
}: 8/15 runes: decaying, slimy, silver, golden, abyssal, demonic, fiery,
gossamer
a: Heroism, Finesse, Renounce Religion


You were in Pandemonium.
You worshipped Okawaru.
Okawaru was exalted by your worship.
You were not hungry.

You visited 12 branches of the dungeon, and saw 56 of its levels.
You visited Pandemonium 1 time, and saw 12 of its levels.
You visited the Abyss 2 times.
You also visited: Trove, Ice Cave and Wizlab.

You collected 14599 gold pieces.
You spent 2263 gold pieces at shops.

Inventory:

Hand Weapons
 c - a +1 broad axe of chopping
 l - the +6 hand axe of the Sun {flame, MP+9 Int+2}
   (Okawaru gifted it to you on level 5 of the Depths)

   It has been specially enchanted to burn those struck by it, causing extra
   injury to most foes and up to half again as much damage against particularly
   susceptible opponents.
   Big, fiery blades are also staple armaments of hydra-hunters.
   It affects your intelligence (+2).
   It affects your magic capacity (+9).
 u - a +9 war axe of electrocution (weapon)
 G - the +5 broad axe of Bene {freeze, rC+}
   (You took it off a deep elf mage on level 3 of the Elven Halls)

   It has been specially enchanted to freeze those struck by it, causing extra
   injury to most foes and up to half again as much damage against particularly
   susceptible opponents.
   It can also slow down cold-blooded creatures.
   It protects you from cold.
Armour
 j - a scarf of resistance (worn)
 z - the +1 large shield "Xynt" (worn) {rF+ Slay+5}
   (Okawaru gifted it to you on level 1 of the Crypt)

   It affects your accuracy and damage with ranged weapons and melee attacks
   (+5).
   It protects you from fire.
 K - the +7 gold dragon scales of Mofas (worn) {rPois rF+ rC+ MR++}
   (You found it on level 3 of the Elven Halls)

   It protects you from fire.
   It protects you from cold.
   It protects you from poison.
   It affects your resistance to hostile enchantments.
 O - a +2 hat of see invisible
 S - the +1 helmet of Etsoipp (worn) {rF+ rN+ rCorr}
   (You found it in a wizard's laboratory)

   It protects you from fire.
   It protects you from negative energy.
   It provides partial protection from all sources of acid and corrosion.
 Z - a +2 pair of gloves of dexterity (worn)
Jewellery
 o - the ring of the Well-Known Beds {MR++ Int+2 Dex+4 SInv}
   (You found it on level 5 of the Pits of Slime)

   [ring of see invisible]

   It affects your intelligence (+2).
   It affects your dexterity (+4).
   It affects your resistance to hostile enchantments.
   It lets you see invisible.
 C - the amulet of Existentialism (around neck) {Reflect rPois Dex+7 SH+2}
   (You found it in a treasure trove)

   [amulet of reflection]

   It shields you and reflects attacks.
   It affects your dexterity (+7).
   It protects you from poison.
   It affects your SH (+2).
 E - the amulet of Checkmate {+Rage +Fly Int-3 Dex+6}
   (You found it in Pandemonium)

   [amulet of rage]

   It affects your intelligence (-3).
   It affects your dexterity (+6).
   It lets you fly.
   It lets you go berserk.
 I - the ring "Huehotz" {rElec rC+ MR+ Int+4 Stlth+}
   (You found it on level 5 of the Lair of Beasts)

   [ring of stealth]

   It affects your intelligence (+4).
   It protects you from cold.
   It insulates you from electricity.
   It affects your resistance to hostile enchantments.
   It makes you more stealthy.
 J - a +4 ring of slaying (right hand)
 R - the ring "Lezoneo" {rC+ rN+}
   (You found it on level 3 of the Crypt)

   [ring of positive energy]

   It protects you from cold.
   It protects you from negative energy.
 W - the ring of the City {Fire rN++ Str+2 Dex-3}
   (You found it on level 5 of the Pits of Slime)

   [ring of fire]

   It enhances your fire magic.
   It affects your strength (+2).
   It affects your dexterity (-3).
   It protects you from fire.
   It makes you vulnerable to cold.
   It greatly protects you from negative energy.
 X - the ring "Bata" (left hand) {rN+ Str+4 Dex+3}
   (You found it on level 3 of the Crypt)

   [ring of positive energy]

   It affects your strength (+4).
   It affects your dexterity (+3).
   It protects you from negative energy.
Wands
 s - a wand of random effects (15)
 H - a wand of digging (37)
Scrolls
 a - 4 scrolls of acquirement
 b - 9 scrolls of blinking
 h - 32 scrolls of remove curse
 m - 31 scrolls of teleportation
 v - 10 scrolls of fear
 x - 10 scrolls of fog
 B - 17 scrolls of identify
 F - 8 scrolls of magic mapping
 T - 6 scrolls of enchant weapon
 U - 19 scrolls of enchant armour
 V - 5 scrolls of silence
Potions
 d - 7 potions of might
 e - 17 potions of curing
 g - a potion of ambrosia
 i - 5 potions of mutation
 k - 7 potions of flight
 n - 10 potions of haste
 q - 8 potions of heal wounds
 r - 4 potions of berserk rage
 A - 6 potions of magic
 D - 8 potions of agility
 L - 3 potions of resistance
 M - 6 potions of brilliance
 N - 10 potions of cancellation
 Y - 3 potions of invisibility
Books
 y - a manual of Staves
Miscellaneous
 p - the horn of Geryon
 Q - a figurine of a ziggurat
Comestibles
 f - 107 rations
 t - 14 chunks of flesh


   Skills:
 O Level 27 Fighting
 O Level 27 Axes
 + Level 22.6(27) Armour
 + Level 10.2(15.2) Dodging
 - Level 10.1(15.1) Stealth
 O Level 27 Shields
 - Level 2.4(7.4) Unarmed Combat
 - Level 11.4 Invocations


You had 26 spell levels left.
You didn't know any spells.
Your spell library contained the following spells:

 Spells                   Type           Power        Failure   Level  Hunger
 Animate Skeleton         Necr           N/A          99%         1    ##.....
 Apportation              Tloc           #.....       99%         1    ##.....
 Beastly Appendage        Tmut           #.....       99%         1    ##.....
 Confusing Touch          Hex            #.....       99%         1    ##.....
 Corona                   Hex            #......      99%         1    ##.....
 Flame Tongue             Conj/Fire      #....        99%         1    ##.....
 Freeze                   Ice            #...         99%         1    ##.....
 Magic Dart               Conj           #...         99%         1    ##.....
 Pain                     Necr           #...         99%         1    ##.....
 Sandblast                Erth           #.....       99%         1    ##.....
 Shock                    Conj/Air       #...         99%         1    ##.....
 Sting                    Conj/Pois      #...         99%         1    ##.....
 Summon Butterflies       Summ           #.......     99%         1    ##.....
 Summon Small Mammal      Summ           #...         99%         1    ##.....
 Blink                    Tloc           N/A          100%        2    ###....
 Call Imp                 Summ           #.......     100%        2    ###....
 Ensorcelled Hibernation  Hex/Ice        #.....       100%        2    ###....
 Passwall                 Tmut/Erth      #.......     100%        2    ###....
 Poisonous Vapours        Pois/Air       #.....       100%        2    ###....
 Searing Ray              Conj           #.....       100%        2    ###....
 Shroud of Golubria       Chrm/Tloc      #.........   100%        2    ###....
 Slow                     Hex            #.......     100%        2    ###....
 Sticks to Snakes         Tmut           #.......     100%        2    ###....
 Swiftness                Chrm/Air       #.......     100%        2    ###....
 Throw Flame              Conj/Fire      #.....       100%        2    ###....
 Call Canine Familiar     Summ           #.......     100%        3    ####...
 Confuse                  Hex            #.......     100%        3    ####...
 Conjure Flame            Conj/Fire      #.......     100%        3    ####...
 Dazzling Spray           Conj/Hex       #.....       100%        3    ####...
 Gell's Gravitas          Tloc           #.........   100%        3    ####...
 Ignite Poison            Fire/Tmut/Pois #.......     100%        3    ####...
 Inner Flame              Hex/Fire       #.......     100%        3    ####...
 Lesser Beckoning         Tloc           #.........   100%        3    ####...
 Mephitic Cloud           Conj/Pois/Air  #.......     100%        3    ####...
 Ozocubu's Armour         Chrm/Ice       #.......     100%        3    ####...
 Portal Projectile        Hex/Tloc       #.....       100%        3    ####...
 Recall                   Summ/Tloc      N/A          100%        3    ####...
 Regeneration             Chrm/Necr      #.........   100%        3    ####...
 Spectral Weapon          Hex/Chrm       #.......     100%        3    ####...
 Spider Form              Tmut/Pois      #.........   100%        3    ####...
 Static Discharge         Conj/Air       #.......     100%        3    ####...
 Stone Arrow              Conj/Erth      #.....       100%        3    ####...
 Teleport Other           Tloc           #.......     100%        3    ####...
 Tukima's Dance           Hex            #.......     100%        3    ####...
 Vampiric Draining        Necr           #.........   100%        3    ####...
 Airstrike                Air            #.........   100%        4    #####..
 Animate Dead             Necr           N/A          100%        4    #####..
 Cause Fear               Hex            #.........   100%        4    #####..
 Force Lance              Conj/Tloc      #.......     100%        4    #####..
 Fulminant Prism          Conj/Hex       #.........   100%        4    #####..
 Ice Form                 Ice/Tmut       #.......     100%        4    #####..
 Iskenderun's Mystic Bla  Conj           #.......     100%        4    #####..
 Leda's Liquefaction      Hex/Erth       #.........   100%        4    #####..
 Passage of Golubria      Tloc           N/A          100%        4    #####..
 Petrify                  Tmut/Erth      #.......     100%        4    #####..
 Sticky Flame             Conj/Fire      #.......     100%        4    #####..
 Summon Ice Beast         Ice/Summ       #.......     100%        4    #####..
 Summon Lightning Spire   Summ/Air       #.......     100%        4    #####..
 Throw Icicle             Conj/Ice       #.......     100%        4    #####..
 Aura of Abjuration       Summ           #.........   100%        5    ######.
 Blade Hands              Tmut           #.........   100%        5    ######.
 Bolt of Draining         Conj/Necr      #.........   100%        5    ######.
 Bolt of Magma            Conj/Fire/Erth #.........   100%        5    ######.
 Borgnjor's Vile Clutch   Necr/Erth      #.........   100%        5    ######.
 Fireball                 Conj/Fire      #.........   100%        5    ######.
 Irradiate                Conj/Tmut      #.........   100%        5    ######.
 Iskenderun's Battlesphe  Conj/Chrm      #.......     100%        5    ######.
 Lee's Rapid Deconstruct  Erth           #.........   100%        5    ######.
 Lightning Bolt           Conj/Air       #.........   100%        5    ######.
 Metabolic Englaciation   Hex/Ice        #.........   100%        5    ######.
 Silence                  Hex/Air        #.........   100%        5    ######.
 Summon Forest            Summ/Tloc      #.........   100%        5    ######.
 Summon Mana Viper        Hex/Summ       #.......     100%        5    ######.
 Venom Bolt               Conj/Pois      #.........   100%        5    ######.
 Yara's Violent Unravell  Hex/Tmut       #.........   100%        5    ######.
 Bolt of Cold             Conj/Ice       #.........   100%        6    #######
 Bolt of Fire             Conj/Fire      #.........   100%        6    #######
 Conjure Ball Lightning   Conj/Air       #.........   100%        6    #######
 Darkness                 Hex            #.........   100%        6    #######
 Death Channel            Necr           #.........   100%        6    #######
 Deflect Missiles         Chrm/Air       #.........   100%        6    #######
 Dispersal                Tloc           #.........   100%        6    #######
 Freezing Cloud           Conj/Ice/Air   #.........   100%        6    #######
 Hydra Form               Tmut           #.........   100%        6    #######
 Iron Shot                Conj/Erth      #.........   100%        6    #######
 Ozocubu's Refrigeration  Ice            #.........   100%        6    #######
 Poison Arrow             Conj/Pois      #.........   100%        6    #######
 Shadow Creatures         Summ           N/A          100%        6    #######
 Simulacrum               Ice/Necr       #.........   100%        6    #######
 Statue Form              Tmut/Erth      #........    100%        6    #######
 Dragon Form              Tmut           #.........   100%        7    #######
 Malign Gateway           Summ/Tloc      #.........   100%        7    #######
 Monstrous Menagerie      Summ           #.........   100%        7    #######
 Orb of Destruction       Conj           #.........   100%        7    #######
 Ring of Flames           Chrm/Fire      #.........   100%        7    #######
 Spellforged Servitor     Conj/Summ      #.........   100%        7    #######
 Summon Greater Demon     Summ           #.........   100%        7    #######
 Summon Hydra             Summ           #.........   100%        7    #######
 Chain Lightning          Conj/Air       #.........   100%        8    #######
 Controlled Blink         Tloc           N/A          100%        8    #######
 Discord                  Hex            #.........   100%        8    #######
 Disjunction              Tloc           #.........   100%        8    #######
 Ignition                 Fire           #.........   100%        8    #######
 Lehudib's Crystal Spear  Conj/Erth      #.........   100%        8    #######
 Summon Horrible Things   Summ           #.........   100%        8    #######
 Fire Storm               Conj/Fire      #.........   100%        9    #######
 Glaciate                 Conj/Ice       #.........   100%        9    #######
 Shatter                  Erth           #.........   100%        9    #######
 Tornado                  Air            #.........   100%        9    #######


Dungeon Overview and Level Annotations

Branches:
Dungeon (15/15)            Temple (0/1) D:7            Lair (6/6) D:9
  Swamp (4/4) Lair:3       Spider (4/4) Lair:3        Slime (5/5) Lair:6
    Orc (2/2) D:12            Elf (3/3) Orc:2        Vaults (5/5) D:14
  Crypt (3/3) Vaults:2       Tomb (3/3) Crypt:3      Depths (5/5) D:15
   Hell (1/1)                 Dis (0/7) Hell            Geh (0/7) Hell
    Coc (0/7) Hell            Tar (0/7) Hell            Zot (0/5) Depths:5

Altars:
Cheibriados
Dithmenos
Elyvilon
Fedhas
Gozag
Hepliaklqana
Nemelex Xobeh
Okawaru
Qazlal
Sif Muna
Uskayaw
Vehumet
Xom
The Shining One
Beogh
Jiyva
Lugonu

Shops:
D:5 !%%   Orc:2 *[:([   Elf:1 [   Elf:2 !   Vaults:1 }   Vaults:3 [
Vaults:4 %   Vaults:5 %?!}}?%?%!%   Depths:2 }

Portals:
Hell: Depths:1 Depths:2 Depths:3 Depths:4 Depths:5
Abyss: Depths:2 Depths:3 Depths:4 Depths:5
Pandemonium: Depths:2 Depths:3
Ziggurat: Depths:2

Annotations:
Pan Lom Lobon


Innate Abilities, Weirdness & Mutations

You have hooves in place of feet.
You are completely covered in thin metallic scales. (AC +4, rElec)
A powerful demonic guardian rushes to your aid.
You resist negative energy. (rN+)
You regenerate a lot of health from kills.
You are somewhat able to resist unholy torments (1 in 2 success).
Your melee attacks may debilitate your foes.
Scrolls take you a little longer to read.
You are clumsy. (Dex -2)
Armour fits poorly on your strangely shaped body.
Your body often deteriorates upon taking damage.
Your magical capacity is extremely low. (-30% MP)
You are resistant to hostile enchantments. (MR+)
Your system is resistant to poisons. (rPois)
You sometimes yell uncontrollably at your foes.
You are weak. (Str -2)
Your spells are a little easier to cast, but a little less powerful.


Message History

Lom Lobon blinks!
You feel a strong urge to attack something.
The ice encasing you melts away.
You feel your anger nearly subside.
You are no longer berserk.
You are exhausted.
You feel yourself slow down. Lom Lobon gestures at you.
Lom Lobon conjures a mighty blast of ice!
The great icy blast engulfs you!!! You partially resist.
* * * LOW HITPOINT WARNING * * *
You are encased in ice.
Unknown command.
You feel much better.
You are engulfed in freezing vapours.
You resist.
* * * LOW HITPOINT WARNING * * *
You feel much better.
You are engulfed in freezing vapours.
You resist.
* * * LOW HITPOINT WARNING * * *
Lom Lobon gestures at you.
Lom Lobon conjures a mighty blast of ice!
The great icy blast engulfs you!!! You partially resist.
You die...

##### ####### ###...###
#.....## ##.......##
.......# #.........##
.......####..........#
.....≈..##....2§☼&§..##
≈...≈≈≈..#..°§§§§§§...#
≈.≈≈≈≈≈≈....☼§§§@§§...#
≈)≈≈≈≈≈#....§○§§§§§§..#
≈.≈≈≈≈###.%.☼§§☼§§§§..#
≈.≈≈≈## ##.°☼§☼○○☼○○..#
≈≈.≈## #°§§§.......##
≈≈.≈# ##§°○.......#
≈≈)## #°°☼[.....#+ #..#
##○§.....## #..###
###...###


You could see Lom Lobon and a friendly lorocyproca (invisible).

Vanquished Creatures
  Cerebov (Pan)
  the Royal Jelly (Slime:5)
  Dissolution (Slime:4)
  A seraph (Pan)
  Mara (Tomb:2)
  34 greater mummies
  The ghost of Lusmuynt the Wrestler, a veteran TrCK of Okawaru (Crypt:3)
  The ghost of Lusmuynt the Wrestler, a veteran TrCK of Okawaru (Crypt:3)
  Margery (Depths:2)
  Frederick (Tomb:2)
  A caustic shrike (Depths:2)
  Geryon (Hell)
  9 pandemonium lords (Pan)
  Jory (Crypt:3)
  2 golden dragons
  5 bone dragons
  Nikola (Depths:2)
  A profane servitor (Abyss:3)
  4 Tzitzimimeh (Pan)
  2 pearl dragons (Pan)
  8 Brimstone Fiends (Pan)
  Jorgrun (Spider:1)
  6 Ice Fiends (Pan)
  3 Hell Sentinels (Pan)
  5 liches
  8 tentacled monstrosities
  5 deep elf blademasters
  The ghost of Sewnetwi the Tortoise, an adept GrFi of Makhleb (Crypt:3)
  The ghost of Heheef the Stickfighter, an adept NaAE of Ru (Crypt:3)
  A moon troll (WizLab)
  Asterion (Vaults:3)
  6 titans
  17 tentacled starspawn
  A deep elf master archer (Elf:3)
  16 acid blobs
  2 quicksilver dragons
  9 Executioners (Pan)
  An eldritch tentacle (Depths:4)
  The ghost of Ereth the Basher, an adept TrFi of Yredelemnul (Depths:1)
  14 sphinxes
  11 ancient champions
  Roxanne (Spider:4)
  6 storm dragons
  3 shadow dragons
  3 thorn hunters
  7 tengu reavers
  5 revenants
  21 daevas
  11 azure jellies
  A draconian scorcher (Abyss:2)
  12 fire giants
  5 frost giants
  3 iron dragons
  15 cacodemons
  3 deep elf sorcerers
  A ghost moth (shapeshifter) (Vaults:5)
  4 emperor scorpions
  The ghost of confidenceinterval the Martial Artist, a journeyman DsGl of Okawaru (Spider:2)
  6 warmongers (Pan)
  4 ghost moths
  9 ironheart preservers
  5 deep elf elementalists
  13 vault wardens
  27 angels
  36 balrugs
  A curse skull (Crypt:2)
  A caustic shrike zombie (Hell)
  8 ghouls
  2 spriggan defenders (Depths:5)
  24 ophanim
  3 entropy weavers
  A war gargoyle (Hell)
  9 corrupters (Pan)
  4 draconian annihilators
  13 very ugly things
  11 reapers
  38 apis (Pan)
  9 black suns (Pan)
  3 blood saints (Pan)
  6 deep elf demonologists
  2 green draconians (Depths:5)
  24 stone giants
  18 vampire knights
  13 bennus
  7 lorocyprocas (Pan)
  2 white draconians (Depths:5)
  2 purple draconians (Depths:5)
  2 dire elephants (Abyss:3)
  7 deep elf annihilators
  77 starcursed masses
  2 pale draconians (Depths:5)
  7 spark wasps
  8 deep elf death magi
  6 eidola
  5 green deaths (Pan)
  2 crystal guardians (WizLab)
  6 blizzard demons
  19 ettins
  Snorg (Lair:6)
  9 fire dragons
  Josephine (D:13)
  9 death oozes
  14 yaktaur captains
  23 mummy priests
  22 great orbs of eyes
  Harold (D:7)
  The ghost of DavidChitty1 the Cleaver, a journeyman MiFi of Okawaru (D:9)
  14 jiangshi
  The ghost of asdu the Slicer, a journeyman OpWn of Uskayaw (Lair:2)
  12 monstrous demonspawn (Pan)
  9 ice dragons
  4 hell beasts (Pan)
  4 deep elf high priests
  22 vault guards
  A naga warrior (Abyss:3)
  14 rakshasas
  29 hydras
  Erolcha (D:9)
  5 shambling mangroves
  A quicksilver dragon skeleton (Crypt:2)
  2 catoblepae
  9 spriggan air magi
  3 death knights
  2 ghost crabs
  11 ogre magi
  10 alligators
  An anaconda (shapeshifter) (Vaults:5)
  33 dancing weapons
  11 centaur warriors
  15 deep troll earth magi
  25 two-headed ogres
  5 hell hogs (Abyss:3)
  13 vampire magi
  26 death scarabs
  11 deep troll shamans
  5 orc high priests
  5 death yaks
  2 tengu warriors
  2 titan zombies
  4 shock serpents
  6 spriggan berserkers
  A death yak (shapeshifter) (Vaults:4)
  21 deep elf knights
  16 hell knights
  29 thrashing horrors
  33 soul eaters
  An iron golem (Hell)
  53 sun demons
  3 storm dragon zombies
  4 titan skeletons
  3 iron trolls
  A fire crab (shapeshifter) (Vaults:2)
  3 shadow wraiths
  31 skeletal warriors
  18 wretched stars
  A spark wasp zombie (Hell)
  24 sixfirhies
  5 golden dragon zombies (Crypt:3)
  An orange crystal statue (WizLab)
  15 shadow demons (Pan)
  9 unseen horrors
  8 spatial maelstroms (Abyss:3)
  A deep troll (shapeshifter) (Vaults:5)
  4 flayed ghosts
  A storm dragon skeleton (Abyss:3)
  15 cherubim (Pan)
  An unseen horror (shapeshifter) (Depths:1)
  An entropy weaver zombie (Crypt:1)
  9 torturous demonspawn (Pan)
  27 deep trolls
  11 swamp dragons
  8 gelid demonspawn
  4 spriggan druids
  An anaconda skeleton (Hell)
  18 glowing orange brains
  5 infernal demonspawn (Pan)
  A harpy (shapeshifter) (Elf:1)
  2 shadow dragon zombies
  15 deep elf archers
  2 harpies (Vaults:3)
  11 phantasmal warriors
  3 lindwurms (shapeshifter)
  5 shining eyes
  4 spectral wolf spiders (Spider:4)
  10 necromancers
  16 ironbrand convokers
  25 wolf spiders
  2 wolf spider zombies (Spider:4)
  16 orc knights
  2 fire giant zombies
  A sphinx skeleton (Crypt:1)
  15 wizards
  36 ugly things
  A shadow dragon skeleton (Vaults:3)
  4 oklob plants (Lair:4)
  6 orc sorcerers
  26 orb spiders
  75 deep elf magi
  A salamander (Depths:2)
  4 cyclopes
  12 worldbinders
  A manticore (D:15)
  5 elephants (Lair:4)
  5 moths of wrath
  A stone giant zombie (Crypt:3)
  A frost giant zombie (Hell)
  Joseph (D:8)
  An eye of devastation (shapeshifter) (D:15)
  3 frost giant skeletons
  A stone giant skeleton (Crypt:2)
  A fire giant skeleton (Crypt:3)
  A guardian serpent (Abyss:3)
  2 dire elephant zombies
  17 vault sentinels
  4 apocalypse crabs
  5 naga magi
  An elephant (shapeshifter) (Vaults:2)
  A titan simulacrum (Abyss:3)
  5 black mambas
  A black mamba (shapeshifter) (Depths:1)
  38 smoke demons
  A torpor snail (shapeshifter) (Vaults:4)
  A dire elephant skeleton (Tomb:3)
  2 torpor snails
  6 rust devils
  Maurice (D:10)
  7 ice statues
  2 water nymphs (Abyss:3)
  2 white draconian zombies (Crypt:3)
  5 eyes of devastation
  A gargoyle (Depths:4)
  2 kobold demonologists (Abyss:3)
  3 hellions (Pan)
  8 centaur skeletons
  17 orange demons
  An emperor scorpion zombie (Crypt:3)
  A shock serpent skeleton (Tomb:3)
  6 komodo dragons
  28 spiny frogs
  A redback zombie (Spider:4)
  6 spectral redbacks (Spider:4)
  3 rime drakes
  A yaktaur zombie (Hell)
  11 efreet
  15 ancient zymes
  A rime drake (shapeshifter) (Vaults:5)
  49 guardian mummies
  11 freezing wraiths
  A sea snake skeleton (Crypt:1)
  19 hellwings
  38 yaktaurs
  10 tormentors
  3 tengu conjurers (Depths:2)
  A purple draconian skeleton (Tomb:1)
  36 red devils
  25 demonic crawlers
  An anaconda simulacrum (Hell)
  2 hydra zombies
  A merfolk (shapeshifter) (Vaults:4)
  A green draconian skeleton (Crypt:2)
  A jumping spider (shapeshifter) (Vaults:5)
  8 ice devils
  2 silent spectres
  A polar bear (shapeshifter) (Vaults:1)
  A queen bee (Lair:1)
  3 queen bees (shapeshifter)
  A yellow draconian skeleton (Tomb:2)
  45 jumping spiders
  A minotaur skeleton (Crypt:2)
  Prince Ribbit (D:8)
  3 meliai (Spider:4)
  38 blink frogs
  12 trolls
  A merfolk (D:10)
  2 spectral tarantellas (Spider:4)
  3 spectral jumping spiders (Spider:4)
  A death drake skeleton (Crypt:3)
  14 tyrant leeches
  Grinder (D:5)
  36 hornets
  A harpy skeleton (Crypt:2)
  3 jumping spider zombies (Spider:4)
  A wolf spider simulacrum (Lair:4)
  17 raiju
  A fire dragon zombie (Hell)
  4 hippogriffs
  63 slime creatures
  11 bog bodies
  A raiju (shapeshifter) (D:15)
  A deep troll zombie (Hell)
  A dream sheep (shapeshifter) (Elf:2)
  A hippogriff (shapeshifter) (Vaults:1)
  An iron dragon simulacrum (Abyss:3)
  2 ettin zombies
  An ice dragon zombie (Hell)
  A centaur simulacrum (D:14)
  An alligator zombie (Hell)
  A satyr skeleton (Crypt:1)
  71 large abominations
  An ettin skeleton (Vaults:3)
  Sigmund (D:4)
  4 shadows
  A guardian serpent skeleton (Crypt:2)
  21 vampires
  An ice dragon skeleton (Depths:1)
  5 air elementals
  32 spriggans
  27 tarantellas
  A black mamba zombie (Abyss:2)
  23 flying skulls
  68 redbacks
  A dire elephant simulacrum (Lair:4)
  9 water elementals
  40 ynoxinuls
  2 fire bats (Depths:2)
  4 wyverns
  2 fire elementals
  14 wraiths
  26 yaks
  Eustachio (D:5)
  8 golden eyes
  3 humans (shapeshifter)
  2 hungry ghosts
  24 neqoxecs
  15 vampire mosquitoes
  6 basilisks
  A fire bat (shapeshifter) (Depths:1)
  53 chaos spawn
  22 ushabtiu
  2 golden eyes (shapeshifter)
  3 steam dragons (Depths:5)
  A steam dragon (shapeshifter) (Depths:1)
  An elf skeleton (Vaults:3)
  8 wargs
  A harpy simulacrum (Depths:4)
  14 swamp worms
  5 acid dragons
  17 insubstantial wisps
  10 spatial vortices
  A hydra simulacrum (Hell)
  An acid dragon (shapeshifter) (Depths:1)
  A water moccasin (shapeshifter) (Depths:1)
  11 porcupines
  5 hell hounds (Hell)
  12 water moccasins
  2 spiny frog zombies
  A floating eye (shapeshifter) (Depths:4)
  A monstrous demonspawn skeleton (Crypt:2)
  39 orc warriors
  8 swamp drakes
  A merfolk skeleton (Abyss:3)
  41 small abominations
  A swamp drake (shapeshifter) (Depths:1)
  A spiny frog skeleton (Hell)
  A black bear (shapeshifter) (Vaults:2)
  3 eyes of draining
  A manticore zombie (Crypt:2)
  3 spectral hornets (Spider:4)
  An ettin simulacrum (Vaults:4)
  11 ice beasts
  2 phantoms
  6 sky beasts
  4 black bears
  24 ogres
  4 necrophages
  A black mamba simulacrum (Lair:4)
  An ice dragon simulacrum (Abyss:3)
  14 boggarts
  A wolf (shapeshifter) (Depths:1)
  11 wolves
  9 centaurs
  A torpor snail zombie (Crypt:2)
  A swamp dragon skeleton (Tomb:3)
  A big kobold (shapeshifter) (Vaults:2)
  11 crocodiles
  A hippogriff zombie (Crypt:2)
  2 big kobolds
  27 bullfrogs
  7 earth elementals
  A spiny frog simulacrum (Lair:4)
  A warg zombie (Crypt:3)
  A wyvern skeleton (D:6)
  5 scorpions
  A troll zombie (Crypt:2)
  2 elephant simulacra (Depths:4)
  A raiju skeleton (Crypt:2)
  24 killer bees (Lair:1)
  10 wights
  6 howler monkeys
  3 electric eels
  15 crimson imps
  A hippogriff simulacrum (Lair:4)
  4 centaur zombies
  A bullfrog zombie (D:11)
  6 quasits
  A water moccasin simulacrum (Lair:4)
  2 bullfrog skeletons
  28 orc wizards
  25 orc priests
  Crazy Yiuf (D:6)
  9 hounds
  5 jellies
  A soldier ant zombie (Crypt:1)
  9 iron imps
  A human skeleton (Crypt:1)
  3 iguanas
  Terence (D:3)
  2 lightning spires (Depths:4)
  15 worker ants
  A killer bee zombie (D:8)
  A crocodile skeleton (Crypt:1)
  An ogre skeleton (Crypt:3)
  A hound skeleton (Crypt:3)
  59 mummies
  3 gnolls
  8 adders
  2 naga simulacra (Depths:4)
  5 shadow imps
  7 white imps
  5 ufetubi
  An ooze (D:4)
  An adder zombie (D:8)
  An adder skeleton (D:6)
  A halfling skeleton (Crypt:3)
  A worm (D:1)
  5 dart slugs
  7 leopard geckos
  107 orcs
  4 giant cockroaches
  10 goblins
  5 hobgoblins
  10 jackals
  4 quokkas
  A ball python (D:3)
  14 bats
  5 frilled lizards
  A jackal skeleton (D:5)
  A jackal zombie (Crypt:1)
  15 kobolds
  An orc zombie (Tomb:2)
  A quokka skeleton (D:7)
  A quokka zombie (Crypt:2)
  8 rats
  A block of ice (Pan)
  3 briar patches (Swamp:4)
  A butterfly (Lair:6)
  2 crawling corpses (Vaults:5)
  3 fire vortices (Pan)
  2 fungi
  6 plants
  20 starspawn tentacles
3870 creatures vanquished.

Vanquished Creatures (collateral kills)
  Mennas (Depths:5)
  3 greater mummies (Tomb:1)
  A profane servitor (Abyss:3)
  A golden dragon (Depths:5)
  3 bone dragons (Abyss:3)
  A Brimstone Fiend (Pan)
  A tentacled monstrosity (Depths:1)
  A deep elf master archer (Elf:3)
  A quicksilver dragon (WizLab)
  2 sphinxes (Tomb:1)
  An acid blob (Slime:5)
  A thorn hunter (Swamp:4)
  A tentacled starspawn (WizLab)
  Gastronok (D:11)
  An ancient champion (Crypt:1)
  An Executioner (Pan)
  A daeva (Pan)
  3 azure jellies
  A deep elf sorcerer (Elf:3)
  An iron dragon (Vaults:5)
  A black sun (Pan)
  A balrug (Pan)
  4 cacodemons
  A deep elf elementalist (Elf:1)
  A draconian shifter (Depths:5)
  A blood saint (Pan)
  A reaper (Pan)
  3 stone giants (WizLab)
  3 lorocyprocas (Pan)
  A bennu (Tomb:3)
  2 deep elf annihilators (Elf:3)
  An entropy weaver (Spider:1)
  A blizzard demon (Pan)
  An ettin (Depths:2)
  3 jiangshi
  A green death (Abyss:3)
  A mummy priest (Tomb:2)
  3 death oozes (Slime:5)
  3 ogre magi
  3 vault guards (Vaults:5)
  A hydra (Swamp:4)
  A deep troll shaman (Depths:2)
  2 alligators (Swamp:3)
  A dancing weapon (Elf:2)
  A two-headed ogre (Depths:2)
  A death yak (Lair:4)
  A hell hog (Abyss:3)
  2 death scarabs (Spider:4)
  2 sun demons (Hell)
  A soul eater (Hell)
  2 skeletal warriors (Crypt:1)
  A sixfirhy (Abyss:3)
  A swamp dragon (Swamp:4)
  A spatial maelstrom (Abyss:2)
  A gelid demonspawn (Pan)
  An infernal demonspawn (Pan)
  A wizard (Depths:1)
  A deep elf archer (Elf:3)
  7 orb spiders
  A glowing orange brain (WizLab)
  2 deep elf magi
  2 ugly things
  A frost giant zombie (Tomb:2)
  A worldbinder (Abyss:2)
  A vault sentinel (Vaults:2)
  3 centaur zombies
  A molten gargoyle (Hell)
  A black mamba (Lair:5)
  An eye of devastation (Slime:3)
  A smoke demon (Pan)
  3 spiny frogs
  2 demonic crawlers (Spider:2)
  4 guardian mummies
  An orange demon (Abyss:3)
  A tormentor (Pan)
  A troll (D:10)
  2 jumping spiders (Spider:2)
  2 red devils
  A tengu conjurer (Depths:2)
  An iron troll skeleton (Crypt:1)
  A tyrant leech (Lair:6)
  6 blink frogs
  A bog body (Swamp:4)
  5 slime creatures
  A flying skull (Tomb:1)
  6 redbacks
  2 spriggans
  5 tarantellas
  2 large abominations (Abyss:3)
  An alligator skeleton (Tomb:3)
  3 yaks (Lair:5)
  2 ynoxinuls (Pan)
  An ushabti (Tomb:2)
  A basilisk (Lair:6)
  A chaos spawn (Pan)
  A harpy simulacrum (Depths:4)
  A vampire mosquito (Swamp:4)
  An acid dragon (D:13)
  A water moccasin (Lair:6)
  An orc warrior (Orc:1)
  An ice beast (D:6)
  A fire dragon simulacrum (Depths:4)
  A phantom (D:6)
  A wolf (Lair:2)
  A centaur (D:11)
  A bullfrog (D:7)
  A cyclops skeleton (Crypt:3)
  A scorpion (D:5)
  A howler monkey (D:11)
  A starcursed mass (Abyss:3)
  3 orc priests
  4 orc wizards
  A bullfrog skeleton (D:9)
  A troll simulacrum (Depths:4)
  4 mummies
  9 orcs
  A kobold (D:10)
  A fire vortex (Pan)
  A starspawn tentacle (WizLab)
203 creatures vanquished.

Vanquished Creatures (others)
  A golden dragon (Vaults:5)
  A vault warden (Vaults:5)
  A stone giant (Depths:5)
  A blood saint (Pan)
  A deep elf demonologist (Elf:3)
  An ettin (Vaults:5)
  2 green deaths (Pan)
  3 yaktaur captains
  A vault guard (Vaults:5)
  A satyr (Abyss:3)
  A hell hog (Abyss:3)
  A deep elf knight (Elf:2)
  2 sun demons (Pan)
  2 unseen horrors
  A shadow wraith (Vaults:2)
  2 cherubim (Pan)
  An orb spider (Spider:1)
  A large abomination (Abyss:3)
  An orange demon (Pan)
  A smoke demon (Pan)
  10 yaktaurs
  A hydra skeleton (Hell)
  2 raiju
  A tarantella (Spider:4)
  A water elemental (Hell)
  A spatial vortex (Elf:3)
  A chaos spawn (Pan)
  A boggart (Vaults:2)
  2 howler monkeys (D:10)
  An orc wizard (Orc:2)
  2 lightning spires (Depths:4)
  5 ball lightnings
  A block of ice (Pan)
  A briar patch (Swamp:4)
  3 demonic plants
  3 fire vortices (Pan)
  9 fungi (Lair:6)
  4 lurking horrors
  36 plants
  38 starspawn tentacles
149 creatures vanquished.

Grand Total: 4222 creatures vanquished

Notes
Turn   | Place    | Note
-------+----------+-------------------------------------------
     0 | D:1      | galech the Demonspawn Fighter began the quest for the Orb.
     0 | D:1      | Reached XP level 1. HP: 18/18 MP: 1/1
   245 | D:1      | Gained mutation: You are partially covered in thin metallic
                  | scales. (AC +2) [demonic ancestry]
   245 | D:1      | Reached XP level 2. HP: 21/24 MP: 2/2
   584 | D:1      | Gained mutation: You have large cloven feet. [demonic
                  | ancestry]
   584 | D:1      | Reached XP level 3. HP: 14/29 MP: 3/3
  1035 | D:2      | Reached XP level 4. HP: 35/36 MP: 4/4
  1291 | D:2      | Found a blossoming altar of Fedhas.
  1867 | D:3      | Noticed a phantom
  2134 | D:2      | You fall through a shaft!
  2171 | D:3      | Killed a phantom
  2171 | D:3      | Gained mutation: You are mostly covered in thin metallic
                  | scales. (AC +3) [demonic ancestry]
  2171 | D:3      | Reached XP level 5. HP: 38/42 MP: 5/5
  2233 | D:3      | Noticed Terence
  2244 | D:3      | Killed Terence
  2418 | D:3      | Reached XP level 6. HP: 45/48 MP: 6/6
  2571 | D:4      | Found a shadowy altar of Dithmenos.
  2615 | D:4      | Found a deep blue altar of Sif Muna.
  2955 | D:4      | Noticed Sigmund
  2966 | D:4      | Killed Sigmund
  2966 | D:4      | Reached skill level 5 in Axes
  2966 | D:4      | Reached skill level 1 in Dodging
  2966 | D:4      | Gained mutation: A weak demonic guardian rushes to your
                  | aid. [demonic ancestry]
  2966 | D:4      | Reached XP level 7. HP: 49/54 MP: 7/7
  3214 | D:5      | Entered Level 5 of the Dungeon
  3253 | D:5      | Found Ugodghez's Food Shoppe.
  3350 | D:5      | Noticed Eustachio
  3368 | D:5      | Killed Eustachio
  3454 | D:5      | Found Qakaess's Distillery.
  3511 | D:5      | Found Zumem's Food Shop.
  3643 | D:5      | Noticed Grinder
  3656 | D:5      | Reached XP level 8. HP: 58/61 MP: 8/8
  3664 | D:5      | Killed Grinder
  4222 | D:6      | Found a white marble altar of Elyvilon.
  4227 | D:6      | Reached skill level 5 in Fighting
  4670 | D:6      | Found a runed translucent door.
  4671 | D:6      | Noticed Crazy Yiuf
  4697 | D:6      | Killed Crazy Yiuf
  4737 | D:7      | Found a hazy altar of Hepliaklqana.
  4737 | D:7      | Found an iron altar of Okawaru.
  4754 | D:7      | Became a worshipper of Warmaster Okawaru
  4786 | D:7      | Reached skill level 5 in Armour
  4786 | D:7      | Gained mutation: You are completely covered in thin
                  | metallic scales. (AC +4, rElec) [demonic ancestry]
  4786 | D:7      | Reached XP level 9. HP: 68/68 MP: 9/9
  4804 | D:7      | Reached skill level 1 in Stealth
  4996 | D:7      | Found a staircase to the Ecumenical Temple.
  5138 | D:7      | Found a stormy altar of Qazlal.
  5154 | D:7      | Reached skill level 5 in Shields
  5210 | D:7      | Reached * piety under Okawaru
  5225 | D:7      | Got a transparent chain mail
  5236 | D:7      | Identified the cursed +0 chain mail of Xoshrirua {rF+ MP+9
                  | Str+3 Stlth+} (You found it on level 7 of the Dungeon)
  5259 | D:7      | Found a hide-covered altar of Uskayaw.
  5722 | D:8      | Noticed Harold
  5723 | D:8      | Noticed Joseph
  5814 | D:7      | Killed Harold
  6153 | D:7      | Reached ** piety under Okawaru
  6289 | D:7      | Reached skill level 1 in Unarmed Combat
  6416 | D:8      | Killed Joseph
  6573 | D:8      | Reached XP level 10. HP: 76/76 MP: 10/10
  6592 | D:8      | Noticed Prince Ribbit
  6601 | D:8      | Killed Prince Ribbit
  6807 | D:9      | Noticed a two-headed ogre
  6815 | D:9      | Killed a two-headed ogre
  6964 | D:9      | Reached *** piety under Okawaru
  6972 | D:9      | Found a glowing golden altar of the Shining One.
  6982 | D:9      | Noticed Erolcha
  6990 | D:9      | Killed Erolcha
  6990 | D:9      | Reached skill level 10 in Axes
  7304 | D:9      | Found a large runed translucent door.
  7304 | D:9      | Found a large runed translucent door.
  7317 | D:9      | Noticed DavidChitty1's ghost (journeyman MiFi)
  7321 | D:9      | Found a staircase to the Lair.
  7753 | D:9      | Killed DavidChitty1's ghost
  7753 | D:9      | Reached skill level 1 in Invocations
  7831 | D:10     | Entered Level 10 of the Dungeon
  7845 | D:10     | Reached **** piety under Okawaru
  7907 | D:10     | Noticed a two-headed ogre
  7915 | D:10     | Killed a two-headed ogre
  7915 | D:10     | Gained mutation: You regenerate a little health from kills.
                  | [demonic ancestry]
  7915 | D:10     | Reached XP level 11. HP: 43/84 MP: 11/11
  8158 | D:10     | Noticed a deep elf mage
  8164 | D:10     | Killed a deep elf mage
  8213 | D:10     | Reached ***** piety under Okawaru
  8316 | D:10     | Noticed a two-headed ogre
  8330 | D:10     | Killed a two-headed ogre
  8400 | D:10     | Noticed Maurice
  8642 | D:10     | Killed Maurice
  9294 | D:11     | Noticed Gastronok
  9310 | D:11     | Killed Gastronok
  9528 | D:11     | Noticed a four-headed hydra
  9655 | D:12     | Noticed a two-headed ogre
  9663 | D:12     | Killed a two-headed ogre
  9663 | D:12     | Received a gift from Okawaru
 10020 | D:12     | Gained mutation: You have hoof-like feet. [demonic
                  | ancestry]
 10020 | D:12     | Reached XP level 12. HP: 84/94 MP: 13/13
 10124 | D:12     | Found a staircase to the Orcish Mines.
 10244 | Orc:1    | Entered Level 1 of the Orcish Mines
 10312 | Orc:1    | Reached ****** piety under Okawaru
 10410 | D:11     | Killed a one-headed hydra
 10615 | Orc:1    | Paralysed by an orc sorcerer for 5 turns
 11454 | Orc:2    | Entered Level 2 of the Orcish Mines
 11472 | Orc:2    | Found a staircase to the Elven Halls.
 11623 | Orc:2    | Found Feusaol's Armour Emporium.
 11829 | Orc:2    | Noticed an orc high priest
 11913 | Orc:2    | Found a roughly hewn altar of Beogh.
 12161 | Orc:2    | Noticed an orc high priest
 12180 | Orc:2    | Killed an orc high priest
 12223 | Orc:2    | Killed an orc high priest
 12223 | Orc:2    | Received a gift from Okawaru
 12384 | Orc:2    | Noticed an orc high priest
 12397 | Orc:2    | Killed an orc high priest
 12417 | Orc:2    | Found Cisarch's Weapon Shop.
 12417 | Orc:2    | Found Wiefywk's General Store.
 12419 | Orc:2    | Found Anew's Book Shop.
 12419 | Orc:2    | Found Efe Ozea's Armour Emporium.
 12430 | Orc:2    | Bought a scroll of identify for 24 gold pieces
 12430 | Orc:2    | Bought a potion of curing for 36 gold pieces
 12601 | Lair:1   | Entered Level 1 of the Lair of Beasts
 12644 | Lair:1   | Gained mutation: You regenerate health from kills. [demonic
                  | ancestry]
 12644 | Lair:1   | Reached XP level 13. HP: 84/102 MP: 14/14
 12842 | Lair:1   | Got an ancient jade ring
 12852 | Lair:1   | Identified the ring of Satyriasis {+Fly rN+} (You found it
                  | on level 1 of the Lair of Beasts)
 13324 | Lair:2   | Reached skill level 10 in Fighting
 13376 | Lair:2   | Received a gift from Okawaru
 13471 | Lair:2   | Found a transporter.
 13475 | Lair:2   | Noticed asdu's ghost (journeyman OpWn)
 13770 | Lair:2   | Found a transporter.
 14033 | Lair:3   | Found a hole to the Spider Nest.
 14687 | Lair:3   | Found a staircase to the Swamp.
 15081 | Lair:4   | Reached skill level 10 in Armour
 15388 | Lair:4   | Found a transporter.
 15469 | Lair:4   | Received a gift from Okawaru
 15494 | Lair:4   | Reached XP level 14. HP: 111/111 MP: 15/15
 15959 | Lair:4   | Got a crude spear
 15960 | Lair:4   | Identified the +4 spear "Miyrujir" {chaos, rPois Dex+3}
                  | (You found it on level 4 of the Lair of Beasts)
 16300 | Lair:4   | Found a transporter.
 16597 | Lair:5   | Got a wavering platinum ring
 16881 | Lair:5   | Identified the ring "Huehotz" {rElec rC+ MR+ Int+4 Stlth+}
                  | (You found it on level 5 of the Lair of Beasts)
 17162 | Lair:6   | Entered Level 6 of the Lair of Beasts
 17192 | Lair:6   | Noticed Snorg
 17316 | Lair:6   | Found a staircase to the Slime Pits.
 17422 | Lair:6   | Found a frozen archway.
 17431 | Lair:6   | Reached skill level 15 in Axes
 17439 | Lair:6   | Received a gift from Okawaru
 17442 | Lair:6   | Got a scorched falchion {god gift}
 17448 | IceCv    | Entered an ice cave
 17502 | IceCv    | Got a dull robe
 17503 | IceCv    | Identified the +1 falchion "Verili" {slice, rF+ rC+ MR+}
                  | (Okawaru gifted it to you on level 6 of the Lair of Beasts)
 17515 | IceCv    | Identified the cursed +1 robe of Protective Custody {rN+}
                  | (You found it in an ice cave)
 17583 | IceCv    | Reached skill level 10 in Shields
 18414 | Lair:6   | Killed Snorg
 18414 | Lair:6   | Received a gift from Okawaru
 18510 | Lair:6   | Identified a scroll of acquirement
 19085 | Lair:2   | Killed asdu's ghost
 19085 | Lair:2   | Reached XP level 15. HP: 119/119 MP: 10/17
 19101 | Lair:2   | Got a sparkling silver ring
 19121 | Lair:2   | Identified the cursed ring of the Camelopard {rC- Str-3
                  | Dex+5} (You found it on level 2 of the Lair of Beasts)
 19542 | D:13     | Noticed Josephine
 19554 | D:13     | Killed Josephine
 20389 | D:14     | Found a gate to the Vaults.
 21019 | D:14     | Received a gift from Okawaru
 21096 | D:15     | Entered Level 15 of the Dungeon
 21844 | D:15     | Found a staircase to the Depths.
 21866 | Depths:1 | Entered Level 1 of the Depths
 21885 | Depths:1 | Noticed a fire giant
 22096 | Depths:1 | HP: 5/122 [ettin/+0 dire flail (21)]
 22272 | D:15     | Received a gift from Okawaru
 22575 | Swamp:1  | Entered Level 1 of the Swamp
 22741 | Swamp:1  | Gained mutation: A demonic guardian rushes to your aid.
                  | [demonic ancestry]
 22741 | Swamp:1  | Reached XP level 16. HP: 129/129 MP: 10/18
 22787 | Swamp:1  | Reached skill level 5 in Stealth
 23581 | Swamp:2  | Received a gift from Okawaru
 24159 | Swamp:3  | Found an opulent altar of Gozag.
 24175 | Swamp:3  | Noticed a thorn hunter
 24195 | Swamp:3  | Killed a thorn hunter
 24402 | Swamp:3  | Noticed a tentacled monstrosity
 24416 | Swamp:3  | Found a transporter.
 24416 | Swamp:3  | Found a transporter.
 24440 | Swamp:3  | Noticed a thorn hunter
 24701 | Swamp:4  | Entered Level 4 of the Swamp
 24746 | Swamp:4  | Noticed a thorn hunter
 24754 | Swamp:4  | Killed a thorn hunter
 24993 | Swamp:4  | Received a gift from Okawaru
 25041 | Swamp:4  | Paralysed by a hornet for 1 turns
 25115 | Swamp:4  | Noticed a thorn hunter
 25132 | Swamp:4  | Killed a thorn hunter
 25132 | Swamp:4  | Received a gift from Okawaru
 25132 | Swamp:4  | Reached XP level 17. HP: 32/139 MP: 20/20
 25184 | Swamp:4  | Got a decaying rune of Zot
 25622 | Swamp:3  | Killed a tentacled monstrosity
 25968 | Spider:1 | Entered Level 1 of the Spider Nest
 25998 | Spider:1 | Got a pitted plate armour
 26009 | Spider:1 | Identified the +9 plate armour of Deeps {Regen+ Int+4
                  | Slay+3} (You found it on level 1 of the Spider Nest)
 26201 | Spider:1 | Noticed Jorgrun
 26214 | Spider:1 | Killed Jorgrun
 26389 | Spider:1 | Received a gift from Okawaru
 26976 | Spider:2 | Found a runed translucent door.
 26979 | Spider:2 | Found a shimmering altar of Xom.
 26979 | Spider:2 | Noticed confidenceinterval's ghost (journeyman DsGl)
 27010 | Spider:2 | Was placed under penance by Okawaru
 27082 | Spider:2 | Was forgiven by Okawaru
 27466 | Spider:2 | Received a gift from Okawaru
 27503 | Spider:2 | Got an encrusted chain mail {god gift}
 27514 | Spider:2 | Identified the +1 chain mail of Impermeability {Dex+4
                  | Stlth+} (Okawaru gifted it to you on level 2 of the Spider
                  | Nest)
 27659 | Spider:2 | Killed confidenceinterval's ghost
 27738 | Spider:2 | Reached skill level 15 in Fighting
 28124 | Spider:3 | Reached XP level 18. HP: 149/149 MP: 21/21
 28492 | Spider:4 | Entered Level 4 of the Spider Nest
 28780 | Spider:4 | Reached skill level 5 in Invocations
 28829 | Spider:4 | Noticed Roxanne
 28846 | Spider:4 | Killed Roxanne
 29424 | Spider:4 | Received a gift from Okawaru
 30059 | Spider:4 | Got a gossamer rune of Zot
 30431 | Elf:1    | Entered Level 1 of the Elven Halls
 30771 | Elf:1    | Received a gift from Okawaru
 30776 | Elf:1    | Got a faintly humming crystal plate armour {god gift}
 30787 | Elf:1    | Identified the +1 crystal plate armour of Temperance {rPois
                  | rN+} (Okawaru gifted it to you on level 1 of the Elven
                  | Halls)
 31192 | Elf:1    | Found Piumoaf's Armour Emporium.
 31335 | Elf:1    | Cast into level 2 of the Abyss (a deep elf sorcerer)
 31667 | Elf:1    | Escaped the Abyss
 31671 | Elf:1    | Gained mutation: You have hooves in place of feet. [demonic
                  | ancestry]
 31671 | Elf:1    | Reached XP level 19. HP: 84/157 MP: 18/22
 31679 | Elf:1    | Identified Sif Muna's Incunabulum of Creative Damage
                  | Dealing
 31791 | Elf:2    | Found Ammeth's Distillery.
 31952 | Elf:2    | Found a magical portal.
 31985 | Elf:2    | Found a portal to a secret trove of treasure.
 31991 | WizLab   | Entered Lehudib's Moon Base
 32672 | WizLab   | Received a gift from Okawaru
 32822 | WizLab   | Paralysed by accursed screaming for 1 turns
 33004 | WizLab   | Gained mutation: You are frail. (-10% HP) [a cacodemon]
 33006 | WizLab   | Received a gift from Okawaru
 33011 | WizLab   | Got a smoking hand axe {god gift}
 33012 | WizLab   | Identified the +7 hand axe "Rone Pill" {venom, rF+}
                  | (Okawaru gifted it to you in a wizard's laboratory)
 33338 | WizLab   | Found a transporter.
 33396 | WizLab   | Found a transporter.
 33976 | WizLab   | Lost mutation: You are frail. (-10% HP) [potion of
                  | mutation]
 33976 | WizLab   | Gained mutation: You are dopey. (Int -2) [potion of
                  | mutation]
 33976 | WizLab   | Gained mutation: Scrolls take you much longer to read.
                  | [potion of mutation]
 33976 | WizLab   | Gained mutation: You are agile. (Dex +2) [potion of
                  | mutation]
 35213 | WizLab   | Received a gift from Okawaru
 35223 | WizLab   | Got a brightly glowing scale mail {god gift}
 35312 | WizLab   | Identified the +1 scale mail "Ceigiaqah" {rC+} (Okawaru
                  | gifted it to you in a wizard's laboratory)
 35513 | WizLab   | Got a slimy helmet
 35540 | WizLab   | Identified the +1 helmet of Etsoipp {rF+ rN+ rCorr} (You
                  | found it in a wizard's laboratory)
 35581 | WizLab   | Identified Lehudib's Volume of the Destructive Mountains
 35952 | Elf:2    | Lost mutation: Scrolls take you a little longer to read.
                  | [potion of mutation]
 35952 | Elf:2    | Lost mutation: You are agile. (Dex +2) [potion of mutation]
 35952 | Elf:2    | Gained mutation: Your flesh is heat resistant. (rF+)
                  | [potion of mutation]
 35952 | Elf:2    | Gained mutation: Your muscles are strong. (Str +2) [potion
                  | of mutation]
 35975 | Elf:2    | Found a runed translucent gate.
 35975 | Elf:2    | Found a runed translucent gate.
 35976 | Elf:2    | Found a runed translucent gate.
 36360 | Elf:3    | Entered Level 3 of the Elven Halls
 36487 | Elf:3    | Gained mutation: You resist negative energy. (rN+) [demonic
                  | ancestry]
 36487 | Elf:3    | Reached XP level 20. HP: 132/168 MP: 17/24
 36536 | Elf:3    | Reached skill level 15 in Shields
 36602 | Elf:3    | Reached skill level 5 in Dodging
 36737 | Elf:3    | Received a gift from Okawaru
 37245 | Elf:3    | Identified the cursed +1 ring mail "Zuixit" {rPois rC- MR+
                  | Dex+8}
 37464 | Elf:3    | Identified the +5 broad axe of Bene {freeze, rC+}
 37464 | Elf:3    | Identified the +2 leather armour "Imneacza" {*Slow rCorr
                  | Dex+3 SInv}
 37678 | Elf:3    | Received a gift from Okawaru
 37724 | Elf:3    | Got twisted gold dragon scales
 37735 | Elf:3    | Identified the +7 gold dragon scales of Mofas {rPois rF+
                  | rC+ MR++} (You found it on level 3 of the Elven Halls)
 37911 | Elf:3    | Identified Guggyl's Collected Works on Hurtful
                  | Transmigration
 38392 | D:15     | Upgraded the game from 0.24-a0-91-g4e4936a to
                  | 0.24-a0-93-ge1bfdf8
 38598 | D:15     | Reached skill level 15 in Armour
 38720 | Depths:1 | Received a gift from Okawaru
 38911 | Depths:1 | Found a shimmering altar of Xom.
 38991 | Depths:1 | Found a runed translucent gate.
 38991 | Depths:1 | Found a runed translucent gate.
 38991 | Depths:1 | Found a runed translucent gate.
 39011 | Depths:1 | Found a gateway to Hell.
 39022 | Depths:1 | Identified the Reference Book on Dark Flight
 39107 | Depths:1 | Reached XP level 21. HP: 159/176 MP: 26/26
 39620 | Depths:1 | Found a runed translucent gate.
 39620 | Depths:1 | Found a runed translucent gate.
 39622 | Depths:1 | Found a runed translucent gate.
 39635 | Depths:1 | Noticed Ereth's ghost (adept TrFi)
 39665 | Depths:1 | Killed Ereth's ghost
 39688 | Depths:1 | Got a creamy pearl robe
 39700 | Depths:1 | Gained mutation: Your spells are a little easier to cast,
                  | but a little less powerful. [mutagenic glow]
 39734 | Depths:1 | Gained mutation: You do not regenerate when monsters are
                  | visible. [mutagenic glow]
 39793 | Depths:1 | Gained mutation: You are very dopey. (Int -4) [mutagenic
                  | glow]
 39836 | Depths:1 | Lost mutation: Your flesh is heat resistant. (rF+)
                  | [mutagenic glow]
 39937 | Depths:1 | Lost mutation: Your muscles are strong. (Str +2) [potion of
                  | mutation]
 39937 | Depths:1 | Lost mutation: You are very dopey. (Int -4) [potion of
                  | mutation]
 39937 | Depths:1 | Gained mutation: Your flesh is heat resistant. (rF+)
                  | [potion of mutation]
 39937 | Depths:1 | Gained mutation: You have an increased reservoir of magic.
                  | (+10% MP) [potion of mutation]
 39938 | Depths:1 | Lost mutation: You have an increased reservoir of magic.
                  | (+10% MP) [potion of mutation]
 39938 | Depths:1 | Lost mutation: Your flesh is heat resistant. (rF+) [potion
                  | of mutation]
 39938 | Depths:1 | Lost mutation: You are dopey. (Int -2) [potion of mutation]
 39938 | Depths:1 | Lost mutation: Your spells are a little easier to cast, but
                  | a little less powerful. [potion of mutation]
 39938 | Depths:1 | Gained mutation: You are agile. (Dex +2) [potion of
                  | mutation]
 39938 | Depths:1 | Gained mutation: You are frail. (-10% HP) [potion of
                  | mutation]
 39938 | Depths:1 | Gained mutation: You evolve. [potion of mutation]
 39939 | Depths:1 | Lost mutation: You are frail. (-10% HP) [potion of
                  | mutation]
 39939 | Depths:1 | Lost mutation: You are agile. (Dex +2) [potion of mutation]
 39939 | Depths:1 | Gained mutation: Scrolls take you a little longer to read.
                  | [potion of mutation]
 39939 | Depths:1 | Gained mutation: You are frail. (-10% HP) [potion of
                  | mutation]
 39939 | Depths:1 | Gained mutation: You are clumsy. (Dex -2) [potion of
                  | mutation]
 39939 | Depths:1 | Gained mutation: Your system is resistant to poisons.
                  | (rPois) [potion of mutation]
 39940 | Depths:1 | Lost mutation: You are frail. (-10% HP) [potion of
                  | mutation]
 39940 | Depths:1 | Lost mutation: You are clumsy. (Dex -2) [potion of
                  | mutation]
 39940 | Depths:1 | Gained mutation: You are frail. (-10% HP) [potion of
                  | mutation]
 39940 | Depths:1 | Gained mutation: You occasionally shout uncontrollably at
                  | your foes. [potion of mutation]
 39940 | Depths:1 | Gained mutation: You are resistant to hostile enchantments.
                  | (MR+) [potion of mutation]
 39941 | Depths:1 | Lost mutation: You are frail. (-10% HP) [potion of
                  | mutation]
 39941 | Depths:1 | Lost mutation: You occasionally shout uncontrollably at
                  | your foes. [potion of mutation]
 39941 | Depths:1 | Lost mutation: You are resistant to hostile enchantments.
                  | (MR+) [potion of mutation]
 39941 | Depths:1 | Lost mutation: Your system is resistant to poisons. (rPois)
                  | [potion of mutation]
 39941 | Depths:1 | Lost mutation: Scrolls take you a little longer to read.
                  | [potion of mutation]
 39941 | Depths:1 | Gained mutation: You are resistant to hostile enchantments.
                  | (MR+) [potion of mutation]
 39942 | Depths:1 | Lost mutation: You are resistant to hostile enchantments.
                  | (MR+) [potion of mutation]
 39942 | Depths:1 | Lost mutation: You do not regenerate when monsters are
                  | visible. [potion of mutation]
 39942 | Depths:1 | Gained mutation: You have a pair of small horns on your
                  | head. [potion of mutation]
 39942 | Depths:1 | Gained mutation: Your flesh is cold resistant. (rC+)
                  | [potion of mutation]
 39961 | Depths:2 | Found Emuges's Gadget Boutique.
 39969 | Depths:2 | Found a glowing golden altar of the Shining One.
 39995 | Depths:2 | Received a gift from Okawaru
 40012 | Depths:2 | Got a bloodstained war axe {god gift}
 40042 | Depths:2 | Identified the +1 robe of the Bells {rN+} (You found it on
                  | level 1 of the Depths)
 40053 | Depths:2 | Identified the +1 war axe "Betzupt" {chop, rF++ Int+4
                  | Stlth+} (Okawaru gifted it to you on level 2 of the Depths)
 40067 | Depths:2 | Found a corrupted altar of Lugonu.
 40067 | Depths:2 | Found a one-way gate to the infinite horrors of the Abyss.
 40135 | Depths:2 | Found a sparkling altar of Nemelex Xobeh.
 40136 | Depths:2 | Found a shimmering altar of Xom.
 40136 | Depths:2 | Found a blossoming altar of Fedhas.
 40136 | Depths:2 | Found a radiant altar of Vehumet.
 40159 | Depths:2 | Noticed a caustic shrike
 40480 | Depths:2 | Killed a caustic shrike
 40501 | Depths:2 | Found a gateway to a ziggurat.
 40509 | Depths:2 | Found a one-way gate leading to the halls of Pandemonium.
 40670 | Depths:2 | Received a gift from Okawaru
 40744 | Depths:2 | Noticed Nikola
 40756 | Depths:2 | Killed Nikola
 41007 | Depths:3 | Noticed Margery
 41023 | Depths:2 | Killed Margery
 41479 | Depths:3 | Received a gift from Okawaru
 41575 | Depths:3 | Lost mutation: You have a pair of small horns on your head.
                  | [potion of mutation]
 41575 | Depths:3 | Lost mutation: You evolve. [potion of mutation]
 41575 | Depths:3 | Gained mutation: Your system is resistant to poisons.
                  | (rPois) [potion of mutation]
 41575 | Depths:3 | Gained mutation: You possess an exceptional clarity of
                  | mind. [potion of mutation]
 41715 | Depths:3 | Gained mutation: A powerful demonic guardian rushes to your
                  | aid. [demonic ancestry]
 41715 | Depths:3 | Reached XP level 22. HP: 186/186 MP: 27/27
 42272 | Depths:3 | Received a gift from Okawaru
 42454 | Depths:3 | Voluntarily entered the Abyss.
 42707 | Abyss:2  | Found a corrupted altar of Lugonu.
 43092 | Abyss:3  | Lost mutation: You possess an exceptional clarity of mind.
                  | [mutagenic glow]
 43412 | Abyss:3  | Received a gift from Okawaru
 44312 | Abyss:3  | Gained mutation: Your magical capacity is low. (-10% MP) [a
                  | neqoxec]
 44595 | Abyss:3  | Gained mutation: Scrolls take you a little longer to read.
                  | [a neqoxec]
 44602 | Abyss:3  | Gained mutation: You are somewhat able to resist unholy
                  | torments (1 in 2 success). [demonic ancestry]
 44602 | Abyss:3  | Reached XP level 23. HP: 87/194 MP: 20/20
 44711 | Abyss:3  | Received a gift from Okawaru
 44778 | Abyss:3  | Found a corrupted altar of Lugonu.
 44791 | Abyss:3  | Found a corrupted altar of Lugonu.
 45276 | Abyss:3  | Got a shimmering plate armour
 45877 | Abyss:3  | Received a gift from Okawaru
 45981 | Abyss:3  | Gained mutation: Your muscles are strong. (Str +2) [a
                  | neqoxec]
 45989 | Abyss:3  | Got an abyssal rune of Zot
 46120 | Abyss:3  | Found a shattered altar of Ashenzari.
 46322 | Abyss:3  | Paralysed by accursed screaming for 1 turns
 46673 | Depths:3 | Escaped the Abyss
 46964 | Elf:2    | You showed the abyssal rune of Zot to enter a treasure
                  | trove
 46965 | Trove    | Entered a treasure trove
 47004 | Trove    | Got a polished hat
 47070 | Trove    | Identified the amulet of Existentialism {Reflect rPois
                  | Dex+7 SH+2} (You found it in a treasure trove)
 47096 | Trove    | Identified the +0 hat "Votsil" {Dex+4} (You found it in a
                  | treasure trove)
 47144 | Elf:2    | Identified the +10 plate armour "Noygedud" {rF+ rC- rN+}
                  | (You found it on level 3 of the Abyss)
 47496 | Depths:4 | Identified the Volume of Snow
 47613 | Depths:4 | Identified Sif Muna's Incunabulum of the Escort
 47791 | Depths:4 | Reached XP level 24. HP: 170/205 MP: 25/25
 47817 | Depths:4 | Received a gift from Okawaru
 47954 | Depths:4 | Identified the Collected Works on Beguiling
 48167 | Depths:4 | Identified Dispater's Incunabulum of Stones
 48244 | Depths:4 | Identified Sif Muna's Collected Works on the Traveller
 48375 | Depths:4 | Identified the Guide on the Birds
 48576 | Depths:5 | Entered Level 5 of the Depths
 48583 | Depths:5 | Found a snail-covered altar of Cheibriados.
 48723 | Depths:5 | Received a gift from Okawaru
 48817 | Depths:5 | Received a gift from Okawaru
 48856 | Depths:5 | Got a slimy hand axe {god gift}
 48857 | Depths:5 | Identified the +6 hand axe of the Sun {flame, MP+9 Int+2}
                  | (Okawaru gifted it to you on level 5 of the Depths)
 49242 | Depths:5 | Found a gate to the Realm of Zot.
 49436 | Depths:5 | Received a gift from Okawaru
 49580 | Depths:5 | Noticed Mennas
 49598 | Depths:5 | Killed Mennas
 49946 | Vaults:1 | Entered Level 1 of the Vaults
 49946 | Vaults:1 | Found Wuokupef's Gadget Boutique.
 50611 | Vaults:1 | Gained mutation: Your melee attacks may debilitate your
                  | foes. [demonic ancestry]
 50611 | Vaults:1 | Reached XP level 25. HP: 211/214 MP: 25/25
 51020 | Vaults:2 | Received a gift from Okawaru
 51328 | Vaults:2 | Found a staircase to the Crypt.
 52135 | Vaults:3 | Found Inacoack's Armour Shoppe.
 52233 | Vaults:3 | Noticed Asterion
 52250 | Vaults:3 | Killed Asterion
 53328 | Vaults:4 | Received a gift from Okawaru
 54133 | Vaults:4 | Found Pag Asot's Food Shoppe.
 54250 | Vaults:5 | Entered Level 5 of the Vaults
 54309 | Vaults:5 | Reached XP level 26. HP: 224/224 MP: 22/26
 54322 | Vaults:5 | Received a gift from Okawaru
 54357 | Vaults:4 | Received a gift from Okawaru
 54599 | Vaults:5 | Found Fonkecog's Food Shoppe.
 54849 | Vaults:5 | Found Juruy's Magic Scroll Emporium.
 54865 | Vaults:5 | Found Gebuesoo's Food Shoppe.
 54884 | Vaults:5 | Found Paniw's Distillery.
 54884 | Vaults:5 | Found Xiuclosh's Food Shoppe.
 54903 | Vaults:5 | Found Wiklem's Magic Scroll Boutique.
 54985 | Vaults:5 | Found Ixuonnei's Food Shop.
 54999 | Vaults:5 | Found Voysy's Magic Scroll Boutique.
 55003 | Vaults:5 | Got a silver rune of Zot
 55320 | Vaults:5 | Found Nokamun's Gadget Shop.
 55354 | Vaults:5 | Found Gonoronlu's Gadget Shop.
 55428 | Vaults:5 | Found Caleysm's Distillery.
 55432 | Vaults:5 | Bought a potion of curing for 60 gold pieces
 55432 | Vaults:5 | Bought 2 potions of lignification for 120 gold pieces
 55432 | Vaults:5 | Bought a potion of curing for 60 gold pieces
 55432 | Vaults:5 | Bought a potion of mutation for 160 gold pieces
 55432 | Vaults:5 | Bought a potion of heal wounds for 100 gold pieces
 55432 | Vaults:5 | Bought a potion of curing for 60 gold pieces
 55439 | Vaults:5 | Bought a scroll of blinking for 142 gold pieces
 55439 | Vaults:5 | Bought a scroll of acquirement for 988 gold pieces
 55439 | Vaults:5 | Bought a scroll of blinking for 142 gold pieces
 55478 | Vaults:5 | Bought a potion of heal wounds for 65 gold pieces
 55478 | Vaults:5 | Bought a potion of curing for 39 gold pieces
 55478 | Vaults:5 | Bought a potion of curing for 39 gold pieces
 55478 | Vaults:5 | Bought a potion of curing for 39 gold pieces
 55478 | Vaults:5 | Bought a potion of curing for 39 gold pieces
 55492 | Vaults:5 | Bought a scroll of enchant armour for 150 gold pieces
 56103 | Slime:1  | Entered Level 1 of the Pits of Slime
 56168 | Slime:4  | Noticed Dissolution
 56182 | Slime:4  | Killed Dissolution
 56234 | Slime:4  | Received a gift from Okawaru
 56237 | Slime:5  | Entered Level 5 of the Pits of Slime
 56239 | Slime:5  | Lost mutation: Your muscles are strong. (Str +2) [a shining
                  | eye]
 56240 | Slime:5  | Gained mutation: You occasionally shout uncontrollably at
                  | your foes. [a shining eye]
 56390 | Slime:5  | Gained mutation: Your magical capacity is very low. (-20%
                  | MP) [a shining eye]
 56401 | Slime:5  | Gained mutation: You regenerate a lot of health from kills.
                  | [demonic ancestry]
 56401 | Slime:5  | Reached XP level 27. HP: 203/235 MP: 23/23
 56427 | Slime:5  | Found a viscous altar of Jiyva.
 56429 | Slime:5  | Noticed the Royal Jelly
 56445 | Slime:5  | Gained mutation: You are dopey. (Int -2) [a shining eye]
 56457 | Slime:5  | Killed the Royal Jelly
 56705 | Slime:5  | Found the +8 demon blade "Leech" {vamp, rN+ AC-3 EV-3}
 56772 | Slime:5  | Got a bound lapis lazuli ring
 56799 | Slime:5  | Got a slimy rune of Zot
 56808 | Slime:5  | Identified the Incunabulum of Slavery
 56822 | Slime:5  | Identified the ring of the Well-Known Beds {MR++ Int+2
                  | Dex+4 SInv} (You found it on level 5 of the Pits of Slime)
 56827 | Slime:5  | Identified the ring of the City {Fire rN++ Str+2 Dex-3}
                  | (You found it on level 5 of the Pits of Slime)
 57311 | Hell     | Entered the Vestibule of Hell
 57311 | Hell     | Noticed Geryon
 57368 | Hell     | Killed Geryon
 57422 | Hell     | Found a gateway to the freezing wastes of Cocytus.
 57561 | Hell     | Found a gateway to the decaying netherworld of Tartarus.
 57576 | Hell     | Received a gift from Okawaru
 57653 | Hell     | Found a gateway to the ashen valley of Gehenna.
 57739 | Hell     | Found a gateway to the Iron City of Dis.
 58076 | Crypt:1  | Entered Level 1 of the Crypt
 58218 | Crypt:1  | Received a gift from Okawaru
 58245 | Crypt:1  | Got a spiked large shield {god gift}
 58256 | Crypt:1  | Identified the +1 large shield "Xynt" {rF+ Slay+5} (Okawaru
                  | gifted it to you on level 1 of the Crypt)
 59324 | Crypt:3  | Entered Level 3 of the Crypt
 59388 | Crypt:3  | Found a runed translucent gate.
 59388 | Crypt:3  | Found a runed translucent gate.
 59388 | Crypt:3  | Found a runed translucent gate.
 59390 | Crypt:3  | Noticed Sewnetwi's ghost (adept GrFi)
 59390 | Crypt:3  | Noticed Heheef's ghost (adept NaAE)
 59391 | Crypt:3  | Noticed Lusmuynt's ghost (veteran TrCK)
 59391 | Crypt:3  | Noticed Lusmuynt's ghost (veteran TrCK)
 59422 | Crypt:3  | Killed Sewnetwi's ghost
 59428 | Crypt:3  | Killed Heheef's ghost
 59434 | Crypt:3  | Killed Lusmuynt's ghost
 59442 | Crypt:3  | Killed Lusmuynt's ghost
 60223 | Crypt:3  | Identified the cursed +1 hunting sling "Daif" {flame, +Fly
                  | Str+4}
 60235 | Crypt:3  | Noticed Jory
 60249 | Crypt:3  | Killed Jory
 60518 | Crypt:3  | Found a staircase to the Tomb.
 60651 | Crypt:3  | Identified the Reference Book on Congealing Flight
 60657 | Crypt:3  | Got a crude glass ring
 60657 | Crypt:3  | Got a crude brass ring
 60660 | Crypt:3  | Identified the ring "Lezoneo" {rC+ rN+} (You found it on
                  | level 3 of the Crypt)
 60662 | Crypt:3  | Identified the ring "Bata" {rN+ Str+4 Dex+3} (You found it
                  | on level 3 of the Crypt)
 60778 | Tomb:1   | Entered Level 1 of the Tomb of the Ancients
 61097 | Tomb:1   | Received a gift from Okawaru
 61123 | Tomb:1   | Got a heavily runed cloak {god gift}
 61144 | Tomb:1   | Identified the +0 cloak "Teikliy" {Dex+2} (Okawaru gifted
                  | it to you on level 1 of the Tomb of the Ancients)
 61194 | Tomb:1   | Noticed a greater mummy
 61197 | Tomb:1   | Noticed a greater mummy
 61204 | Tomb:1   | Killed a greater mummy
 61214 | Tomb:1   | Killed a greater mummy
 61632 | Tomb:1   | Lost mutation: You occasionally shout uncontrollably at
                  | your foes. [potion of mutation]
 61632 | Tomb:1   | Lost mutation: Your flesh is cold resistant. (rC+) [potion
                  | of mutation]
 61632 | Tomb:1   | Lost mutation: Scrolls take you a little longer to read.
                  | [potion of mutation]
 61632 | Tomb:1   | Lost mutation: You are dopey. (Int -2) [potion of mutation]
 61632 | Tomb:1   | Gained mutation: You are resistant to hostile enchantments.
                  | (MR+) [potion of mutation]
 61637 | Tomb:2   | Noticed a greater mummy
 61640 | Tomb:2   | Noticed a greater mummy
 61647 | Tomb:2   | Noticed a greater mummy
 61648 | Tomb:2   | Noticed a greater mummy
 61654 | Tomb:2   | Noticed a greater mummy
 61689 | Tomb:2   | Noticed Frederick
 61940 | Tomb:2   | Killed a greater mummy
 61948 | Tomb:2   | Killed a greater mummy
 61957 | Tomb:2   | Killed a greater mummy
 61964 | Tomb:2   | Killed Frederick
 61991 | Tomb:2   | Killed a greater mummy
 61992 | Tomb:2   | Killed a greater mummy
 62300 | Tomb:1   | Noticed a greater mummy
 62308 | Tomb:1   | Killed a greater mummy
 62345 | Tomb:1   | Noticed a greater mummy
 62356 | Tomb:1   | Killed a greater mummy
 62422 | Tomb:1   | Noticed a greater mummy
 62428 | Tomb:1   | Killed a greater mummy
 62444 | Tomb:1   | Noticed a greater mummy
 62449 | Tomb:1   | Noticed a greater mummy
 62452 | Tomb:1   | Noticed a greater mummy
 62455 | Tomb:1   | Noticed a greater mummy
 62462 | Tomb:1   | Killed a greater mummy
 62473 | Tomb:1   | Killed a greater mummy
 62490 | Tomb:1   | Killed a greater mummy
 62490 | Tomb:1   | Received a gift from Okawaru
 62492 | Tomb:1   | Killed a greater mummy
 62587 | Tomb:1   | Noticed a greater mummy
 62597 | Tomb:1   | Killed a greater mummy
 62788 | Tomb:1   | Noticed a greater mummy
 62796 | Tomb:1   | Killed a greater mummy
 62880 | Tomb:1   | Noticed a greater mummy
 62897 | Tomb:1   | Killed a greater mummy
 63196 | Tomb:1   | Noticed a greater mummy
 63209 | Tomb:1   | Killed a greater mummy
 63238 | Tomb:1   | Noticed a greater mummy
 63251 | Tomb:1   | Killed a greater mummy
 63260 | Tomb:1   | Noticed a greater mummy
 63274 | Tomb:1   | Killed a greater mummy
 63283 | Tomb:1   | Noticed a greater mummy
 63283 | Tomb:1   | Noticed a greater mummy
 63302 | Tomb:1   | Killed a greater mummy
 63308 | Tomb:1   | Killed a greater mummy
 63566 | Tomb:1   | Noticed a greater mummy
 63580 | Tomb:1   | Killed a greater mummy
 63602 | Tomb:1   | Noticed a greater mummy
 63602 | Tomb:1   | Noticed a greater mummy
 63602 | Tomb:1   | Noticed a greater mummy
 63602 | Tomb:1   | Noticed a greater mummy
 63607 | Tomb:1   | Noticed a greater mummy
 63620 | Tomb:1   | Killed a greater mummy
 63646 | Tomb:1   | Killed a greater mummy
 63648 | Tomb:1   | Killed a greater mummy
 63659 | Tomb:1   | Killed a greater mummy
 63669 | Tomb:1   | Killed a greater mummy
 63918 | Tomb:3   | Entered Level 3 of the Tomb of the Ancients
 63970 | Tomb:3   | Noticed Mara
 63971 | Tomb:3   | Noticed a greater mummy
 63972 | Tomb:3   | Noticed galech's illusion
 63984 | Tomb:3   | Killed a greater mummy
 63988 | Tomb:3   | Noticed a greater mummy
 63992 | Tomb:3   | Noticed a greater mummy
 64006 | Tomb:3   | Received a gift from Okawaru
 64015 | Tomb:3   | Killed a greater mummy
 64026 | Tomb:3   | Paralysed by the power of Zot for 5 turns
 64033 | Tomb:3   | Noticed a greater mummy
 64041 | Tomb:3   | Killed a greater mummy
 64061 | Tomb:3   | Noticed galech's illusion
 64061 | Tomb:3   | Noticed a greater mummy
 64062 | Tomb:3   | Noticed a greater mummy
 64071 | Tomb:2   | Killed Mara
 64179 | Tomb:3   | Noticed a greater mummy
 64182 | Tomb:3   | Noticed a greater mummy
 64183 | Tomb:3   | Noticed a greater mummy
 64190 | Tomb:3   | Killed a greater mummy
 64202 | Tomb:3   | Killed a greater mummy
 64211 | Tomb:3   | Killed a greater mummy
 64211 | Tomb:3   | Received a gift from Okawaru
 64308 | Tomb:3   | Killed a greater mummy
 64431 | Tomb:3   | Killed a greater mummy
 64758 | Tomb:3   | Killed a greater mummy
 64793 | Tomb:3   | Identified the -4 cloak of Kobea {+Blink} (Okawaru gifted
                  | it to you on level 3 of the Tomb of the Ancients)
 64801 | Tomb:3   | Found the +7 Singing Sword {slice, sonic wave}
 64836 | Tomb:3   | Identified the Papyrus of Ashen Weightlessness
 64867 | Tomb:3   | Identified the +7 hand axe "Iheujuoc" {venom, rC++ MP+9}
                  | (You found it on level 3 of the Tomb of the Ancients)
 64884 | Tomb:3   | Identified the Handbook of Malediction
 64974 | Tomb:3   | Got a golden rune of Zot
 65587 | Pan      | Entered Pandemonium
 65644 | Pan      | Gained mutation: Armour fits poorly on your strangely
                  | shaped body. [a cacodemon]
 65725 | Pan      | Reached skill level 10 in Invocations
 65964 | Pan      | Noticed Xaem the pandemonium lord
 65970 | Pan      | Received a gift from Okawaru
 65990 | Pan      | Killed Xaem the pandemonium lord
 66156 | Pan      | Got a demonic rune of Zot
 66450 | Pan      | Found an exit through the horrors of the Abyss.
 66750 | Pan      | Noticed Aguown the pandemonium lord
 66772 | Pan      | Killed Aguown the pandemonium lord
 67152 | Pan      | Received a gift from Okawaru
 67335 | Pan      | Gained mutation: You are weak. (Str -2) [a cacodemon]
 67353 | Pan      | Noticed Fuytarue the pandemonium lord
 67362 | Pan      | Killed Fuytarue the pandemonium lord
 67985 | Pan      | Noticed Famnedd the pandemonium lord
 67998 | Pan      | Killed Famnedd the pandemonium lord
 68084 | Pan      | Found an exit through the horrors of the Abyss.
 68617 | Pan      | Gained mutation: Your body sometimes deteriorates upon
                  | taking damage. [a cacodemon]
 68833 | Pan      | Entered the realm of Cerebov.
 68936 | Pan      | Received a gift from Okawaru
 68956 | Pan      | Identified the +6 sword of Cerebov {flame}
 68956 | Pan      | Noticed Cerebov
 69085 | Pan      | Killed Cerebov
 69094 | Pan      | Got a fiery rune of Zot
 69675 | Pan      | Identified Improving Your Magic
 69678 | Pan      | Got a wavering jade amulet
 69679 | Pan      | Identified the amulet of Checkmate {+Rage +Fly Int-3 Dex+6}
                  | (You found it in Pandemonium)
 69855 | Pan      | Received a gift from Okawaru
 70546 | Pan      | Noticed Wiogew the pandemonium lord
 70551 | Pan      | Gained mutation: You are clumsy. (Dex -2) [a cacodemon]
 70566 | Pan      | Killed Wiogew the pandemonium lord
 70588 | Pan      | Reached skill level 10 in Stealth
 71142 | Pan      | Found an exit through the horrors of the Abyss.
 71660 | Pan      | Noticed Roeckoh the pandemonium lord
 71683 | Pan      | Killed Roeckoh the pandemonium lord
 72138 | Pan      | Reached skill level 27 in Fighting
 72380 | Pan      | Lost mutation: Armour fits poorly on your strangely shaped
                  | body. [a neqoxec]
 72381 | Pan      | Noticed Ecesioc the pandemonium lord
 72381 | Pan      | Gained mutation: Scrolls take you a little longer to read.
                  | [a neqoxec]
 72407 | Pan      | Killed Ecesioc the pandemonium lord
 72448 | Pan      | Received a gift from Okawaru
 72613 | Pan      | Gained mutation: Your magical capacity is extremely low.
                  | (-30% MP) [a neqoxec]
 72615 | Pan      | Gained mutation: You occasionally shout uncontrollably at
                  | your foes. [a neqoxec]
 72772 | Pan      | Found an exit through the horrors of the Abyss.
 73266 | Pan      | Gained mutation: Your spells are a little easier to cast,
                  | but a little less powerful. [a neqoxec]
 73267 | Pan      | Noticed Vueset the pandemonium lord
 73274 | Pan      | Gained mutation: Your body often deteriorates upon taking
                  | damage. [a neqoxec]
 73281 | Pan      | Killed Vueset the pandemonium lord
 73281 | Pan      | Reached skill level 27 in Shields
 73542 | Pan      | Gained mutation: Armour fits poorly on your strangely
                  | shaped body. [a neqoxec]
 74065 | Pan      | Gained mutation: You sometimes yell uncontrollably at your
                  | foes. [a neqoxec]
 74071 | Pan      | Reached skill level 27 in Axes
 74167 | Pan      | Noticed Riehaerhi the pandemonium lord
 74190 | Pan      | Killed Riehaerhi the pandemonium lord
 74948 | Pan      | Received a gift from Okawaru
 75092 | Pan      | Identified the +7 large shield of Fortitude {rPois MR+}
 75119 | Pan      | Found a glowing silver altar of Zin.
 75548 | Pan      | Noticed a seraph
 75566 | Pan      | Killed a seraph
 75617 | Pan      | Found a glowing golden altar of the Shining One.
 76226 | Pan      | Found a white marble altar of Elyvilon.
 76528 | Pan      | Received a gift from Okawaru
 77202 | Pan      | Identified the cursed -8 large shield of Sovereignty
                  | {+Blink MR+}
 78692 | Pan      | Entered the realm of Lom Lobon.
 78880 | Pan      | Received a gift from Okawaru
 78914 | Pan      | Reached skill level 10 in Dodging
 78995 | Pan      | Noticed Lom Lobon
 79022 | Pan      | HP: 8/245 [Lom Lobon/great icy blast (42)]
 79024 | Pan      | Killed from afar by Lom Lobon

Levels and vault maps discovered:
D:1:      scummos_arrival_gate, layout_rooms
D:2:      layout_basic, corexii_leaking_fountain, fedhas_ov_isle_minmay
D:3:      layout_rooms, first_ration, uniq_terence
D:4:      layout_loops_cross, nicolae_overflow_crystal_walls,
          lemuel_crystal_altar, minmay_misc_feat_more_columns, uniq_sigmund
D:5:      layout_loops_cross, serial_shops, kennysheep_mini_moat,
          nicolae_shop_trees, shop, minmay_door_square, uniq_grinder,
          uniq_eustachio
D:6:      layout_loops_ring, kennysheep_little_box, uniq_crazy_yiuf_cottage
D:7:      layout_gridville, overflow_temple_1_default, lemuel_crystal_altar,
          grunt_temple_overflow_open, minmay_temple_entry_ruins
D:8:      layout_rooms, uniq_prince_ribbit1, uniq_joseph, uniq_harold
D:9:      layout_gridville, lemuel_round_altar, lair_entry_dummy,
          ebering_ghost_disaster_area, uniq_erolcha
D:10:     layout_irregular_city, hangedman_stone_soup, uniq_maurice
D:11:     minmay_bubble_buster, layout_cave_pools, uniq_gastronok
D:12:     layout_big_octagon, erik_orc_2
D:13:     layout_cave_pools, kennysheep_generic_room_5, uniq_josephine
D:14:     layout_loops_corners, hangedman_vaults_entry_quadrant_bands,
          bh_walls_and_bars
D:15:     gammafunk_enter_depths_forms, layout_irregular_city
Lair:1:   layout_roguey [special_room_bee], gammafunk_lair_bear_cave
Lair:2:   layout_loops_ring, gammafunk_ghost_berserking_beasts
Lair:3:   layout_cave_pods, palyth_hydra_swamp_entry,
          spider_nest_entry_web_field
Lair:4:   gammafunk_cloud_chamber, layout_cave_pods, minmay_lair_oklob_chamber,
          lemuel_fruit_fields, infiniplex_staircase_pool_2
Lair:5:   layout_layer_cave
Lair:6:   minmay_lair_end_frog_pond, layout_cave_pods,
          minmay_slime_entry_pillars, portal_ice_cave_demonic_guard,
          lemuel_fruit_fields, uniq_snorg
Swamp:1:  layout_basic_swamp, evilmike_swamp_ruin_rubble_2
Swamp:2:  layout_basic_swamp, evilmike_swamp_ruin_house_1
Swamp:3:  gammafunk_the_bubble [the_bubble_gammafunk_split], layout_basic_swamp,
          basic_altar
Swamp:4:  swamp_basic_johnstein, layout_basic_swamp
Spider:1: nicolae_spider_corner, uniq_jorgrun
Spider:2: layout_spider_delve, ebering_ghost_xom, nicolae_crawler_farm
Spider:3: layout_spider_delve, nicolae_spider_cling_ruins
Spider:4: floodkiller_spider_rune_tomb, uniq_roxanne
Slime:1:  layout_caves
Slime:2:  layout_caves
Slime:3:  layout_caves
Slime:4:  layout_caves, dissolution_awaits
Slime:5:  uniq_dissolution
Orc:1:    layout_caves
Orc:2:    grunt_orc_tribal_feast, layout_caves, basic_altar, serial_shops, shop
Elf:1:    eino_elf_arrival_the_gate, layout_geoelf_octagon, serial_shops,
          nicolae_shop_crystal, minmay_elf_sorcery, corexii_checkpoint_a
Elf:2:    layout_loops_cross, serial_shops, shop,
          infiniplex_enter_wizlab_glasses, enter_trove_2
Elf:3:    elf_hall, layout_geoelf_octagon, minivault_23, st_stairs_14,
          lemuel_flamethrower_3
Vaults:1: v_misc_2, v_misc_2, ontoclasm_vaults_loading_screen, v_misc_17,
          vaults_standard_mumra_lines, serial_ice_m, ontoclasm_vaults_spin,
          layout_vaults_maze_snakey, serial_shops, shop
Vaults:2: v_misc_30, vaults_room_fours, vaults_room_grid,
          hangedman_vaults_restitches, v_misc_17, hangedman_vaults_impose,
          vaults_mumra_hex, vaults_room_pools, hangedman_vaults_stitches,
          vaults_dpeg_hooks, nicolae_vaults_angled_halls,
          minmay_crypt_entry_nasty_monster, v_pattern_4, vaults_room_door_ring,
          layout_vaults_chaotic_city
Vaults:3: vaults_mumra_hexcomb, vaults_dpeg_encased_lava,
          nicolae_vaults_little_squares_4, ontoclasm_vaults_loading_screen,
          vaults_mumra_minichess, nicolae_vaults_mini_display_case,
          dpeg_vaults_monster_box, vaults_room_semicircle,
          nicolae_vaults_diagonal_hallway_7, vaults_room_ringed_pool,
          layout_vaults_quadrants, serial_shops, shop, uniq_asterion
Vaults:4: vaults_dpeg_diagonal, vaults_room_grid, vaults_room_mumra_shop_pool,
          nicolae_vaults_theta, v_misc_30, v_alt_pattern_1, v_misc_17,
          grunt_vaults_hallway_long, serial_ice_h,
          nicolae_vaults_windows_and_doors_thing,
          ontoclasm_vaults_decontamination, vaults_room_door_hall,
          vaults_room_octagon, v_misc_14, nicolae_vaults_alarming,
          nicolae_vaults_big_ls, vaults_mumra_chevron_long, v_alt_pattern_2,
          vaults_mumra_chevron, layout_vaults_omnibox
Vaults:5: serial_shops
Crypt:1:  layout_chaotic_city
Crypt:2:  layout_misc_corridors
Crypt:3:  due_elkab, layout_chaotic_city, gammafunk_ghost_cemetery
Tomb:1:   uniq_jory
Tomb:2:   uniq_frederick
Tomb:3:   uniq_mara
Depths:1: layout_roguey [special_room_magic_class],
          ploomutoo_gammafunk_ghost_potion_laboratory, hangedman_decor_points,
          hell_entry, tgw_xom, serial_bayou_shore_a
Depths:2: minmay_the_grid_octo_triangle [minmay_the_grid_octo_shrine,
          minmay_the_grid_octo_prize_square_snowflake,
          minmay_the_grid_octo_teeth], layout_basic, enter_ziggurat_c,
          ebering_dispersal_statue_hall, pan_entry, serial_shops, shop,
          abyss_entry_flame_altar, grunt_hell_entry_dis_grunt, tso_altar,
          serial_bayou_shore_b, minmay_staircase_statues, uniq_nikola
Depths:3: minmay_spriggan_fort, layout_basic, hellmouth_1,
          abyss_entry_glasseish, serial_glass, glass_columns_a, glass_columns_a,
          glass_columns_b, glass_columns_a, glass_columns_a, glass_columns_c,
          glass_columns_a, glass_columns_c, glass_columns_b, glass_columns_b,
          glass_columns_c, glass_columns_a, glass_columns_a, glass_columns_a,
          due_unseen_surprise, item_on_display_a, minmay_strange_pillars,
          minmay_crystal_water, grunt_pan_entry_in_and_out,
          kennysheep_small_circle, uniq_margery
Depths:4: minmay_open_boxes_in_corner, layout_small_grid, pf_coc_iceberg,
          abyss_entry_crystal, serial_hangedman_research,
          hangedman_research_probablistics, hangedman_research_electronics,
          hangedman_research_convocations, hangedman_research_geology,
          hangedman_research_quantum, hangedman_research_thermodynamics,
          grunt_decor_arrowhead
Depths:5: evilmike_zot_entry_gauntlet, layout_honeycomb, hell_entry,
          cheibriados_altar_1, abyss_entry, uniq_mennas
Hell
Abyss:1:  evilmike_abyss_exit_8
Abyss:2:  lemuel_flamethrower_3, hangedman_abyss_or_decor_stagger,
          bh_silent_lugonu_exit
Abyss:3:  evilmike_abyss_rune_siren_acolytes
Pan:      lom_lobon_spiral_st, layout_rooms, uniq_ignacio
Trove:    trove_garden
IceCv:    ice_cave_statue_garden_chambered
WizLab:   wizlab_lehudib

Skill      XL: |  1  2  3  4  5  6  7  8  9 10 11 12 13 14 15 16 17 18 19 20 21 22 23 24 25 26 27 |
---------------+----------------------------------------------------------------------------------+-----
Axes           | 2 3 5 6 8 9 10 12 13 14 15 16 17 18 19 20 21 22 23 27 | 27.0
Shields        | 3 4 5 6 7 8 9 10 11 12 13 14 16 18 19 20 21 22 27 | 27.0
Armour         | 3 4 5 6 8 9 10 11 12 13 14 15 16 17 22 | 22.6
Fighting       | 4 5 6 7 8 9 10 11 12 14 15 16 17 18 19 20 21 22 23 27 | 27.0
Dodging        | 1 2 3 4 5 10 | 10.2
Stealth        | 1 2 3 4 5 6 7 8 10 | 10.1
Unarmed Combat | 1 2 |  2.4
Invocations    | 1 2 3 4 5 6 7 8 11 | 11.4

Action                   |  1- 3 |  4- 6 |  7- 9 | 10-12 | 13-15 | 16-18 | 19-21 | 22-24 | 25-27 || total
-------------------------+-------+-------+-------+-------+-------+-------+-------+-------+-------++-------
Melee: War axe           |    75 |   159 |   304 |   680 |  1101 |  1199 |  1112 |  2236 |  4982 || 11848
       Kick              |     8 |    55 |   103 |   266 |   521 |   550 |   566 |  1136 |  3186 ||  6391
       Unarmed           |       |       |    10 |       |   117 |       |       |       |       ||   127
       Hand axe          |       |       |       |     5 |    66 |   103 |       |       |       ||   174
       Headbutt          |       |       |       |       |       |       |    87 |       |       ||    87
Invok: Heroism           |       |       |     2 |    16 |    20 |    17 |    18 |     6 |    33 ||   112
       Finesse           |       |       |       |       |     2 |     3 |     5 |       |    22 ||    32
Evoke: Wand              |       |       |       |       |       |       |       |     1 |     2 ||     3
  Use: Scroll            |       |       |     5 |     4 |    24 |     9 |     6 |     8 |    22 ||    78
       Potion            |       |       |     2 |       |       |     1 |    17 |       |    36 ||    56
 Stab: Distracted        |       |       |     4 |     9 |    15 |    10 |    15 |    16 |    36 ||   105
       Confused          |       |       |       |       |       |       |     1 |     1 |     1 ||     3
       Invisible         |       |       |       |       |       |       |       |     1 |     3 ||     4
       Petrifying        |       |       |       |       |       |       |       |       |     1 ||     1
  Eat: Chunk             |       |     7 |    12 |    21 |    30 |    23 |    23 |    23 |    47 ||   186
       Ration            |       |       |       |       |     1 |     2 |     3 |     3 |    15 ||    24
Armor: Scale mail        |    49 |    10 |       |       |       |       |       |       |       ||    59
       Plate armour      |       |    91 |   133 |       |       |   560 |   144 |       |       ||   928
       Chain mail        |       |       |    26 |   196 |    81 |   226 |       |       |       ||   529
       Crystal plate arm |       |       |       |       |   663 |    56 |    44 |       |       ||   763
       Gold dragon scale |       |       |       |       |       |       |   279 |   860 |  1848 ||  2987
Dodge: Dodged            |    36 |    15 |    54 |   151 |   165 |   464 |   158 |   186 |   648 ||  1877
Block: Shield            |    52 |    67 |   148 |   286 |   691 |   868 |   344 |       |       ||  2456
       Large shield      |       |       |       |       |       |       |   361 |  1837 |  5010 ||  7208
       Reflection        |       |       |       |       |       |       |    28 |    75 |   171 ||   274

Table legend:
 A = Non-vault XP
 B = Vault XP
 C = Vault XP percentage of total XP
 D = Non-vault monster count
 E = Vault monster count
 F = Vault count percentage of total count
                 A         B        C        D         E       F
            +---------+---------+-------+---------+---------+-------
      Total | 1379918 | 1412805 |  50.6 |    2597 |    1436 |  35.6
            +---------+---------+-------+---------+---------+-------
        D:1 |      65 |       0 |   0.0 |      23 |       0 |   0.0
        D:2 |      84 |       0 |   0.0 |      20 |       0 |   0.0
        D:3 |     204 |      36 |  15.0 |      21 |       1 |   4.5
        D:4 |     312 |     223 |  41.7 |      11 |       1 |   8.3
        D:5 |     438 |     439 |  50.1 |      23 |       2 |   8.0
        D:6 |     831 |      40 |   4.6 |      16 |       1 |   5.9
        D:7 |    1263 |    1028 |  44.9 |      34 |       1 |   2.9
        D:8 |     331 |     656 |  66.5 |      10 |       2 |  16.7
        D:9 |    1671 |    1892 |  53.1 |      27 |       2 |   6.9
       D:10 |    4760 |    1271 |  21.1 |      40 |       5 |  11.1
       D:11 |    1854 |    3404 |  64.7 |      27 |      10 |  27.0
       D:12 |    4064 |     574 |  12.4 |      25 |      19 |  43.2
       D:13 |    3468 |    1818 |  34.4 |      14 |       7 |  33.3
       D:14 |    6488 |    8056 |  55.4 |      21 |      18 |  46.2
       D:15 |   18888 |   17624 |  48.3 |      43 |      25 |  36.8
     Lair:1 |    2923 |    2112 |  41.9 |       9 |      28 |  75.7
     Lair:2 |    5142 |    4272 |  45.4 |      23 |       9 |  28.1
     Lair:3 |    6172 |    2745 |  30.8 |      19 |       7 |  26.9
     Lair:4 |   11026 |    3050 |  21.7 |      34 |      12 |  26.1
     Lair:5 |    4446 |       0 |   0.0 |      20 |       0 |   0.0
     Lair:6 |    6092 |   16610 |  73.2 |      25 |      59 |  70.2
    Swamp:1 |   12927 |       0 |   0.0 |      33 |       0 |   0.0
    Swamp:2 |    7638 |       0 |   0.0 |      25 |       0 |   0.0
    Swamp:3 |   16669 |    8614 |  34.1 |      44 |      10 |  18.5
    Swamp:4 |   11090 |   21193 |  65.6 |      25 |      31 |  55.4
   Spider:1 |   24095 |   13659 |  36.2 |      66 |      34 |  34.0
   Spider:2 |   19404 |    3224 |  14.2 |      59 |       4 |   6.3
   Spider:3 |    8700 |    1696 |  16.3 |      23 |       1 |   4.2
   Spider:4 |   11849 |   33987 |  74.1 |      31 |      68 |  68.7
    Slime:1 |    4891 |       0 |   0.0 |       2 |       0 |   0.0
    Slime:2 |   10440 |       0 |   0.0 |      14 |       0 |   0.0
    Slime:3 |    2892 |       0 |   0.0 |       3 |       0 |   0.0
    Slime:4 |    9919 |   13087 |  56.9 |      13 |       1 |   7.1
    Slime:5 |   15254 |   29216 |  65.7 |      27 |      16 |  37.2
      Orc:1 |    3776 |       0 |   0.0 |      52 |       0 |   0.0
      Orc:2 |    1190 |    7419 |  86.2 |      16 |      29 |  64.4
      Elf:1 |   13599 |   11180 |  45.1 |      20 |      18 |  47.4
      Elf:2 |   17550 |   23996 |  57.8 |      41 |      29 |  41.4
      Elf:3 |   21160 |   37427 |  63.9 |      34 |      28 |  45.2
   Vaults:1 |   25518 |    6883 |  21.2 |      47 |      14 |  23.0
   Vaults:2 |   25342 |   17488 |  40.8 |      44 |      25 |  36.2
   Vaults:3 |   11994 |   23214 |  65.9 |      34 |      28 |  45.2
   Vaults:4 |   33887 |   32972 |  49.3 |      48 |      31 |  39.2
   Vaults:5 |   33885 |  116910 |  77.5 |      41 |      91 |  68.9
    Crypt:1 |   20899 |       0 |   0.0 |      41 |       0 |   0.0
    Crypt:2 |   30555 |       0 |   0.0 |      43 |       0 |   0.0
    Crypt:3 |   34645 |   63624 |  64.7 |      44 |      66 |  60.0
     Tomb:1 |   13868 |  165305 |  92.3 |      35 |      66 |  65.3
     Tomb:2 |   13274 |   58756 |  81.6 |      29 |      57 |  66.3
     Tomb:3 |   17228 |   92614 |  84.3 |      36 |      59 |  62.1
   Depths:1 |   30476 |   47318 |  60.8 |      35 |      47 |  57.3
   Depths:2 |   26692 |   26043 |  49.4 |      35 |      15 |  30.0
   Depths:3 |   33820 |   23069 |  40.6 |      37 |      54 |  59.3
   Depths:4 |   29977 |   39172 |  56.6 |      32 |      65 |  67.0
   Depths:5 |   49579 |   30005 |  37.7 |      50 |      21 |  29.6
       Hell |   15843 |   19348 |  55.0 |      26 |      35 |  57.4
    Abyss:1 |    5537 |       0 |   0.0 |       8 |       0 |   0.0
    Abyss:2 |   25291 |     323 |   1.3 |      52 |       2 |   3.7
    Abyss:3 |  194846 |   17148 |   8.1 |     375 |      20 |   5.1
        Pan |  409483 |  309986 |  43.1 |     480 |     210 |  30.4
      IceCv |       0 |    3047 | 100.0 |       0 |      11 | 100.0
     WizLab |    3714 |   49032 |  93.0 |      12 |      41 |  77.4
            +---------+---------+-------+---------+---------+-------
